 Dungeon Crawl Stone Soup version 0.25-a0-589-g1e14c549ee (webtiles) character file.

Game seed: 2202694005809166689, levelgen mode: classic

588919 EnegeticOcto the Warrior (level 26, -10/212 HPs)
             Began as a Mummy Chaos Knight on Mar 10, 2020.
             Was a Favourite Plaything of Xom.
             Mangled by an Orb Guardian (25 damage)
             ... on level 5 of the Realm of Zot on Mar 11, 2020.
             The game lasted 03:23:25 (81093 turns).

EnegeticOcto the Warrior (Mummy Chaos Knight)      Turns: 81093, Time: 03:23:26

Health: -10/212    AC: 30    Str: 17 (18) XL:     26   Next: 15%
Magic:  27/42      EV: 17    Int: 23 (24) God:    Xom [.....*]
Gold:   5993       SH: 16    Dex: 16      Spells: 10/55 levels left

rFire    + + .     SeeInvis +   S - +4 spear of Patterns {flame, +Fly rElec MR+ Dex-4}
rCold    + . .     Gourm    .   c - +2 shield of Resistance {rF+ rC+ MR+}
rNeg     + + +     Faith    .   Z - +8 fire dragon scales
rPois    ∞         Spirit   .   y - +1 helmet {SInv}
rElec    +         Reflect  .   h - scarf {repulsion}
rCorr    +         Harm     .   q - +2 pair of gloves {Str+3}
MR       +++++                  k - +0 pair of boots
Stlth    ..........             s - amulet of Hyorphame {RegenMP Int+4 Dex+5}
HPRegen  0.45/turn              n - +3 ring of protection
MPRegen  0.53/turn              X - ring of resist corrosion

@: about to teleport, studying 2 skills, repel missiles
A: no food or potions, fire vulnerability, cold resistance 1, negative energy
resistance 3, torment resistance, unbreathing, in touch with death 2
}: 3/15 runes: decaying, serpentine, slimy
a: Renounce Religion, Evoke Flight


You were on level 5 of the Realm of Zot.
You worshipped Xom.
You were Xom's teddy bear.
You were not hungry.

You visited 11 branches of the dungeon, and saw 56 of its levels.
You visited 1 bazaar.
You also visited: Ice Cave.

You collected 11783 gold pieces.
You spent 5790 gold pieces at shops.

Inventory:

Hand Weapons
 a - the +9 morningstar of Raes {freeze, Int+3}
   (You bought it in a shop on level 6 of the Dungeon)

   It has been specially enchanted to freeze those struck by it, causing extra
   injury to most foes and up to half again as much damage against particularly
   susceptible opponents.
   It can also slow down cold-blooded creatures.
   It affects your intelligence (+3).
 S - the +4 spear of Patterns (weapon) {flame, +Fly rElec MR+ Dex-4}
   (You found it on level 3 of the Swamp)

   It has been specially enchanted to burn those struck by it, causing extra
   injury to most foes and up to half again as much damage against particularly
   susceptible opponents.
   It affects your dexterity (-4).
   It insulates you from electricity.
   It affects your resistance to hostile enchantments.
   It lets you fly.
 U - a +2 short sword of distortion
Missiles
 f - 16 curare-tipped darts (quivered)
 z - a throwing net {!f}
Armour
 c - the +2 shield of Resistance (worn) {rF+ rC+ MR+}
   (You found it on level 12 of the Dungeon)

   It protects you from fire.
   It protects you from cold.
   It affects your resistance to hostile enchantments.
 h - a scarf of repulsion (worn)
 k - a +0 pair of boots (worn)
 q - a +2 pair of gloves of strength (worn)
 v - a +2 cloak
 y - a +1 helmet of see invisible (worn)
 Z - +8 fire dragon scales (worn)
Magical Staves
 b - an uncursed staff of wizardry
 F - an uncursed staff of energy
Jewellery
 e - an uncursed amulet of regeneration
 m - the amulet "Tuorumyo" {+Rage rF+ Str+4 Dex+3}
   (You took it off a deep elf annihilator on level 3 of the Elven Halls)

   [amulet of rage]

   It affects your strength (+4).
   It affects your dexterity (+3).
   It protects you from fire.
   It lets you go berserk.
 n - a +3 ring of protection (left hand)
 s - the amulet of Hyorphame (around neck) {RegenMP Int+4 Dex+5}
   (You took it off a deep elf elementalist on level 3 of the Elven Halls)

   [amulet of magic regeneration]

   It increases your magic regeneration.
   It affects your intelligence (+4).
   It affects your dexterity (+5).
 B - the ring of Deedaept {rPois Str+2 SInv}
   (You found it on level 5 of the Pits of Slime)

   [ring of see invisible]

   It affects your strength (+2).
   It protects you from poison.
   It lets you see invisible.
 E - an uncursed ring of protection from fire
 J - an uncursed ring of wizardry
 R - the ring "Jeyleula" {rPois rF- rC+++ rN+ Str+2}
   (You found it on level 5 of the Pits of Slime)

   [ring of poison resistance]

   It affects your strength (+2).
   It makes you vulnerable to fire.
   It renders you almost immune to cold.
   It protects you from poison.
   It protects you from negative energy.
 X - a ring of resist corrosion (right hand)
Wands
 g - a wand of digging (9)
 l - a wand of polymorph (19)
 t - a wand of paralysis (45)
 D - a wand of scattershot (6)
 L - a wand of enslavement (23)
 M - a wand of iceblast (44)
 O - a wand of acid (39)
 T - a wand of clouds (19)
 W - a wand of flame (18)
Scrolls
 i - 15 scrolls of teleportation {@r3 !r}
 o - 10 scrolls of magic mapping {@r5 !r}
 p - 8 scrolls of fear {!r}
 r - 11 scrolls of identify {@r1}
 u - 2 scrolls of holy word
 w - 2 scrolls of immolation
 x - 17 scrolls of remove curse {@r2}
 A - 12 scrolls of fog {!r}
 C - a scroll of summoning
 H - 2 scrolls of blinking {@r4}
 I - 2 scrolls of noise
 P - 2 scrolls of vulnerability
 Q - a scroll of silence
Books
 d - a manual of Dodging
 N - a manual of Translocations
Miscellaneous
 j - a lightning rod (4/4)
 G - a lamp of fire
 K - 2 boxes of beasts
 V - 2 sacks of spiders
 Y - 3 phantom mirrors


   Skills:
 + Level 18.3 Fighting
 - Level 16.0 Maces & Flails
 - Level 2.4 Polearms
 - Level 12.0 Armour
 + Level 12.9 Dodging
 - Level 1.8 Stealth
 - Level 15.0 Shields
 - Level 15.0 Spellcasting
 - Level 10.0 Conjurations
 - Level 15.0 Hexes
 - Level 13.0 Summonings
 - Level 5.0 Translocations
 - Level 10.0 Transmutations
 - Level 10.0 Air Magic
 + Level 10.5 Evocations


You had 10 spell levels left.
You knew the following spells:

 Your Spells              Type           Power        Failure   Level  Hunger
a - Apportation           Tloc           #####.       1%          1    N/A
b - Summon Lightning Spi  Summ/Air       ######..     1%          4    N/A
c - Aura of Abjuration    Summ           ######....   1%          5    N/A
d - Cause Fear            Hex            ######....   1%          4    N/A
e - Summon Mana Viper     Hex/Summ       ######..     1%          5    N/A
f - Mephitic Cloud        Conj/Pois/Air  #####...     1%          3    N/A
g - Irradiate             Conj/Tmut      ######....   4%          5    N/A
h - Invisibility          Hex            ######..     3%          6    N/A
i - Yara's Violent Unrav  Hex/Tmut       ######....   1%          5    N/A
p - Passwall              Tmut/Erth      #####...     1%          2    N/A
O - Summon Butterflies    Summ           ######..     1%          1    N/A
V - Swiftness             Chrm/Air       #####...     1%          2    N/A
Y - Blink                 Tloc           N/A          1%          2    N/A

Your spell library contained the following spells:

 Spells                   Type           Power        Failure   Level  Hunger
 Corona                   Hex            ######.      1%          1    N/A
 Foxfire                  Conj/Fire      ####         1%          1    N/A
 Magic Dart               Conj           ####         1%          1    N/A
 Shock                    Conj/Air       ####         1%          1    N/A
 Sting                    Tmut/Pois      ####         1%          1    N/A
 Summon Small Mammal      Summ           ####         1%          1    N/A
 Call Imp                 Summ           ######..     1%          2    N/A
 Corpse Rot               Necr/Air       N/A          1%          2    N/A
 Ensorcelled Hibernation  Hex/Ice        ######       1%          2    N/A
 Poisonous Vapours        Pois/Air       #####.       1%          2    N/A
 Slow                     Hex            ######..     1%          2    N/A
 Call Canine Familiar     Summ           ######..     1%          3    N/A
 Confusing Touch          Hex            ######..     1%          3    N/A
 Dazzling Flash           Conj/Hex       ######       1%          3    N/A
 Inner Flame              Hex/Fire       ######..     1%          3    N/A
 Portal Projectile        Hex/Tloc       ######       1%          3    N/A
 Recall                   Summ/Tloc      N/A          1%          3    N/A
 Spectral Weapon          Hex/Chrm       ######..     1%          3    N/A
 Static Discharge         Conj/Air       ######..     1%          3    N/A
 Summon Guardian Golem    Hex/Summ       ######..     1%          3    N/A
 Tukima's Dance           Hex            ######..     1%          3    N/A
 Airstrike                Air            ######....   1%          4    N/A
 Fulminant Prism          Conj/Hex       ######....   1%          4    N/A
 Silence                  Hex/Air        ######....   1%          5    N/A
 Darkness                 Hex            ######....   3%          6    N/A
 Conjure Flame            Conj/Fire      #####...     4%          3    N/A
 Gell's Gravitas          Tloc           #####.....   4%          3    N/A
 Lesser Beckoning         Tloc           #####.....   4%          3    N/A
 Stone Arrow              Conj/Erth      #####.       4%          3    N/A
 Leda's Liquefaction      Hex/Erth       ######....   4%          4    N/A
 Lightning Bolt           Conj/Air       ######....   4%          5    N/A
 Shroud of Golubria       Chrm/Tloc      ####..       5%          2    N/A
 Summon Ice Beast         Ice/Summ       #####...     7%          4    N/A
 Summon Forest            Summ/Tloc      ######....   7%          5    N/A
 Shadow Creatures         Summ           N/A          8%          6    N/A
 Ignite Poison            Fire/Tmut/Pois ####....     9%          3    N/A
 Animate Skeleton         Necr           N/A          11%         1    N/A
 Freeze                   Ice            ###.         11%         1    N/A
 Infusion                 Chrm           ###.         11%         1    N/A
 Pain                     Necr           ####         11%         1    N/A
 Sandblast                Erth           ###...       11%         1    N/A
 Passage of Golubria      Tloc           N/A          13%         4    N/A
 Petrify                  Tmut/Erth      #####...     13%         4    N/A
 Sticky Flame             Conj/Fire      #####...     13%         4    N/A
 Metabolic Englaciation   Hex/Ice        ######....   13%         5    N/A
 Song of Slaying          Chrm           ###.....     16%         2    N/A
 Ozocubu's Armour         Chrm/Ice       ###.....     30%         3    N/A
 Vampiric Draining        Necr           #####.....   30%         3    N/A
 Alistair's Intoxication  Tmut/Pois      #####...     36%         5    N/A
 Fireball                 Conj/Fire      #####.....   36%         5    N/A
 Summon Hydra             Summ           ######....   38%         7    N/A
 Animate Dead             Necr           N/A          71%         4    N/A
 Olgreb's Toxic Radiance  Pois           ###.....     71%         4    N/A
 Freezing Cloud           Conj/Ice/Air   #####.....   71%         6    N/A
 Eringya's Noxious Bog    Tmut/Pois      #####.....   90%         6    N/A
 Agony                    Necr           #####...     96%         5    N/A
 Borgnjor's Vile Clutch   Necr/Erth      #####.....   96%         5    N/A
 Lee's Rapid Deconstruct  Erth           ###.......   96%         5    N/A
 Death Channel            Necr           #####.....   100%        6    N/A
 Ozocubu's Refrigeration  Ice            ###.......   100%        6    N/A
 Simulacrum               Ice/Necr       #####.....   100%        6    N/A
 Ring of Flames           Chrm/Fire      ###.......   100%        7    N/A
 Chain Lightning          Conj/Air       ######....   100%        8    N/A
 Ignition                 Fire           ###.......   100%        8    N/A
 Lehudib's Crystal Spear  Conj/Erth      #####.....   100%        8    N/A
 Fire Storm               Conj/Fire      #####.....   100%        9    N/A
 Glaciate                 Conj/Ice       #####.....   100%        9    N/A
 Shatter                  Erth           ###.......   100%        9    N/A
 Tornado                  Air            ######....   100%        9    N/A
 Ice Form                 Ice/Tmut       Unusable     N/A         4    N/A
 Sublimation of Blood     Necr           Unusable     N/A         2    N/A
 Hydra Form               Tmut           Unusable     N/A         6    N/A

Dungeon Overview and Level Annotations

Branches:
Dungeon (15/15)            Temple (0/1) D:4            Lair (6/6) D:8
  Swamp (4/4) Lair:4        Snake (4/4) Lair:2        Slime (5/5) Lair:5
    Orc (2/2) D:11            Elf (3/3) Orc:2        Vaults (4/5) D:14
  Crypt (3/3) Vaults:3       Tomb (0/3) Crypt:3      Depths (5/5) D:15
    Zot (5/5) Depths:5      IceCv (visited)

Altars:
Dithmenos
Fedhas
Kikubaaqudgha
Nemelex Xobeh
Ru
Trog
Uskayaw
Xom
The Shining One
Beogh

Shops:
D:6 }:(*   D:15 [   Orc:2 ([*%(   Elf:2 [   Snake:1 }   Snake:4 =}}
Vaults:1 (   Vaults:3 (   Vaults:4 [   Depths:4 :   Depths:5 *:%(

Portals:
Hell: Depths:1 Depths:2 Depths:3 Depths:4 Depths:5
Abyss: Elf:1 Depths:4
Pandemonium: Depths:3
Ziggurat: Depths:3

Annotations:
D:13 1 transporter, Iduconai's ghost, journeyman DrGl
Lair:2 1 runed translucent door, Qalesan's ghost, journeyman MiFi
Lair:6 exclusion: oklob plant
Swamp:2 3 runed translucent doors, Shaidar's ghost, journeyman MiBe
Orc:1 Saint Roka
Elf:1 2 transporters, Liratrer's ghost, adept DsAK
Depths:2 exclusion: door
Zot:2 11 runed doors, exclusion: 6 doors
Zot:3 1 exclusion
Zot:4 1 runed translucent door, kroki's ghost, legendary DsFi
Zot:5 1 exclusion


Innate Abilities, Weirdness & Mutations

You do not eat or drink.
Your flesh is vulnerable to fire.
You are immune to poison.
Your flesh is cold resistant. (rC+)
You are immune to negative energy. (rN+++)
You are immune to unholy pain and torment.
You can survive without breathing.
You are strongly in touch with the powers of death.


Message History

A curse toe comes into view.
The black draconian breathes lightning at you.
The bolt of lightning hits you. You resist.
* * * LOW HITPOINT WARNING * * *
You hear a loud "Zot"!
You block the black draconian's attack.
The Orb Guardian moves out of view.
You have identified the last wand.
Found a wand of disintegration (13) and 21 arrows.
You see here a wand of disintegration (13).
Really walk into that permanent teleport trap?
Okay, then.
Really read
i - 16 scrolls of teleportation {@r3 !r}?
As you read the scroll of teleportation {@r3 !r}, it crumbles to dust.
You feel strangely unstable.
You feel the Orb delaying your translocation!
The Orb Guardian hits you but does no damage.
Really walk into that permanent teleport trap?
You enter a permanent teleport trap!
Your surroundings suddenly seem different. 2 Orb Guardians, 2 draconians, a tentacled monstrosity and an ancient lich come into view.
You stumble into a teleport trap!
You are suddenly yanked towards some nearby monsters!
Your surroundings suddenly seem different.
The Killer Klown shouts!
The moth of wrath's fur bristles in rage as it notices you.
The quicksilver dragon roars deafeningly!
You hear a roar!
An Orb Guardian comes into view.
You block the Orb Guardian's attack.
The orb of fire glows red.
Strange energies course through your body.
Your body decomposes!
You feel weakened.
An Orb Guardian comes into view.
You hear a loud "Zot"!
An Orb Guardian comes into view.
The Orb Guardian hits you.
* * * LOW HITPOINT WARNING * * *
The Orb Guardian moves out of view. x2; The ancient lich moves out of view.
The red draconian moves out of view.
The purple draconian moves out of view.
The tentacled monstrosity moves out of view.
An Orb Guardian comes into view.
Really read
A - 13 scrolls of fog {!r}?
As you read the scroll of fog {!r}, it crumbles to dust.
The scroll dissolves into smoke.
The orb of fire glows bright magenta.
The bolt of fire misses you.
The Orb Guardian hits you but does no damage.
The Killer Klown blinks!
The Killer Klown blinks!
The storm dragon breathes lightning at you.
The bolt of lightning is repelled.
The bolt of lightning hits you! You resist.
* * * LOW HITPOINT WARNING * * *
You hear a deafening roar!
You hear a shout!
You block the Orb Guardian's attack.
You hear a loud "Zot"!
The Killer Klown throws klown pie at you.
The klown pie misses you.
The orb of fire glows bright magenta.
The bolt of fire hits you! You resist.
* * * LOW HITPOINT WARNING * * *
"Forecast: mostly cloudy."
An Orb Guardian comes into view.
The Orb Guardian barely misses you.
Xom's power touches on your mind for a moment.
The Orb Guardian looks rather confused. x3
The Killer Klown looks rather confused.
The storm dragon looks rather confused.
The Orb Guardian completely misses the Killer Klown.
The golden dragon roars deafeningly!
Something bites the orb of fire but does no damage.
Something completely misses the orb of fire.
Something misses the orb of fire.
The orb of fire glows deep purple.
The bolt of fire hits you!! You resist.
* * * LOW HITPOINT WARNING * * *
Okay, then.
Evoke which item? (* to show all) (? for menu, Esc to quit)
Okay, then.
Casting: Blink (safe; 1% risk of failure)
Confirm with . or Enter, or press ? or * to list all spells.
Aiming: Summon Lightning Spire (safe; 1% risk of failure)
Press: ? - help, Dir - move target cursor
Okay, then.
Throwing (i - inventory. (/) - cycle)
f - 16 curare-tipped darts (quivered)
Press: ? - help, Shift-Dir - straight line, f - orb of fire
Aim: an orb of fire (purple smoke)
Okay, then.
Casting: Summon Lightning Spire (safe; 1% risk of failure)
Confirm with . or Enter, or press ? or * to list all spells.
Aiming: Summon Lightning Spire (safe; 1% risk of failure)
Press: ? - help, Dir - move target cursor An electric hum fills the air.
You block the Orb Guardian's attack.
The orb of fire emits a lurid red light.
The bolt of fire hits your lightning spire!
Your lightning spire resists.
The bolt of fire misses you.
The Orb Guardian hits you but does no damage.
The Orb Guardian hits you!!
You die...
Xom is highly amused!

.○,,,,^.X▓..^.^.§D*.............*
..,,,,,.......§§.........d.....▓*
,,,,^,..X▓..X§§§§§§.p.y.Dp......*
^,,,.X..▓▓...§§§§§§..Dy.........,
,,,,...▓*▓.§^§§§§§d.p..^........,
****▓▓▓* #.^§§X§§..D...........!,
##.§§XX§8....^.........,
##▓§§XpX....^.........*
▓▓▓▓@........XXX...▓*
#▓▓▓▓▓▓▓▓▓▓▓##^....▓▓
**#dX^^........X.z....**
**...X##............^..,*
*********,.,**#.........L,,,,,,,,
,,,,,,,,,,,**#...........,^,,,^^,
,,,,,,,,,,** #..^.....^..,,,,,,,,
,,,,,,,,,,* #...........,,,,,,,,
,,,,,,,,,** #d^.........,,,^,,,,


You could see 3 Killer Klowns, a golden dragon, a green draconian, a quicksilver
dragon, 4 Orb Guardians, 2 moths of wrath and a friendly lightning spire.

Vanquished Creatures
  the Royal Jelly (Slime:5)
  An ancient lich (Crypt:3)
  Frederick (Crypt:1)
  A Killer Klown (Zot:2)
  the Lernaean hydra (Swamp:4)
  Xtahua (Crypt:1)
  Vashnia (Snake:2)
  9 caustic shrikes
  6 golden dragons
  Nikola (Depths:1)
  2 liches
  7 tentacled monstrosities
  Rupert (Lair:3)
  Asterion (Snake:4)
  5 deep elf blademasters
  10 acid blobs
  3 quicksilver dragons
  A sphinx (Zot:4)
  2 deep elf master archers (Elf:3)
  A death cob (Zot:2)
  2 ancient champions
  13 storm dragons
  2 draconian monks
  5 shadow dragons
  A thorn hunter (Swamp:3)
  2 tengu reavers
  12 azure jellies
  9 nagarajas
  8 fire giants
  6 vault wardens
  9 draconian scorchers
  6 draconian knights
  9 frost giants
  An orc warlord (Orc:2)
  A ghost moth (Slime:5)
  Louise (Snake:4)
  2 deep elf sorcerers
  An emperor scorpion (Swamp:3)
  2 spriggan defenders
  7 draconian shifters
  10 draconian annihilators
  8 draconian stormcallers
  3 deep elf elementalists (Elf:3)
  2 ghouls
  20 very ugly things
  A caustic shrike skeleton (Crypt:1)
  16 stone giants
  8 ironheart preservers
  A war gargoyle (Vaults:4)
  6 deep elf demonologists
  3 vampire knights
  An entropy weaver (Zot:2)
  7 green draconians
  A dire elephant (Zot:3)
  10 red draconians
  10 purple draconians
  13 white draconians
  10 yellow draconians
  7 spark wasps
  5 deep elf annihilators
  Snorg (Lair:5)
  12 black draconians
  6 deep elf death magi
  5 death oozes
  Josephine (Lair:6)
  6 ettins
  A merfolk impaler (Depths:5)
  10 fire dragons
  11 jiangshi (Crypt:3)
  8 ogre magi
  12 yaktaur captains
  11 great orbs of eyes
  A hydra (shapeshifter) (Depths:4)
  8 vault guards
  18 hydras
  20 naga warriors
  A ghost crab (Swamp:2)
  6 ice dragons
  5 spriggan air magi
  A shambling mangrove (Swamp:3)
  4 death knights
  40 two-headed ogres
  6 centaur warriors
  7 anacondas
  3 catoblepae
  19 dancing weapons
  5 death yaks
  4 tengu warriors
  11 alligators
  3 deep troll shamans
  2 vampire magi
  A spectral dire elephant (Crypt:3)
  2 orc high priests
  4 deep troll earth magi
  20 naga sharpshooters
  3 spriggan berserkers
  2 shock serpents (shapeshifter)
  7 shock serpents
  10 hell knights
  Nergalle (Orc:1)
  11 deep elf knights
  4 shadow wraiths
  An entropy weaver zombie (Crypt:1)
  3 iron trolls
  29 skeletal warriors
  2 large abominations (Crypt:3)
  A sea snake (Snake:3)
  3 salamander mystics
  5 wizards
  12 swamp dragons
  A storm dragon skeleton (Depths:1)
  2 unseen horrors (shapeshifter)
  17 deep trolls
  6 glowing orange brains
  A lindwurm (shapeshifter) (Depths:4)
  4 flayed ghosts
  2 spriggan druids (Swamp:4)
  4 unseen horrors
  A glowing orange brain (shapeshifter) (D:13)
  9 naga ritualists
  12 phantasmal warriors
  12 deep elf archers
  A harpy (shapeshifter) (Vaults:4)
  10 ironbrand convokers
  11 orc knights
  11 mana vipers
  A fire giant zombie (Depths:1)
  37 ugly things
  9 wolf spiders
  An orb spider (shapeshifter) (Depths:4)
  53 deep elf magi
  5 orc sorcerers
  13 necromancers
  A salamander (shapeshifter) (Depths:4)
  An iron dragon zombie (Crypt:1)
  4 manticores
  6 cyclopes
  A shining eye (shapeshifter) (Depths:4)
  3 guardian serpents
  9 salamanders
  A shining eye (Slime:2)
  16 moths of wrath
  A moth of wrath (shapeshifter) (D:3)
  A black mamba (shapeshifter) (Vaults:1)
  10 elephants
  2 guardian serpents (shapeshifter)
  34 black mambas
  A water nymph (Snake:3)
  A molten gargoyle (Depths:5)
  2 eyes of devastation
  A water nymph (shapeshifter) (Depths:4)
  3 centaur skeletons
  26 naga magi
  A spiny frog (shapeshifter) (D:14)
  A shock serpent zombie (Crypt:1)
  5 spectral swamp worms (Depths:2)
  Maggie (D:7)
  A torpor snail (shapeshifter) (Vaults:1)
  5 vault sentinels
  2 gargoyles
  30 spiny frogs
  An efreet (D:15)
  12 komodo dragons
  A kobold demonologist (D:13)
  38 yaktaurs
  3 rime drakes
  6 freezing wraiths
  A dire elephant skeleton (Crypt:1)
  An anaconda simulacrum (Crypt:3)
  2 jumping spiders (shapeshifter)
  2 tengu conjurers (Depths:3)
  3 tyrant leeches (shapeshifter) (Depths:4)
  A jumping spider (Zot:3)
  5 polar bears
  A meliai (shapeshifter) (D:14)
  9 trolls
  A harpy zombie (Crypt:3)
  3 wind drakes (shapeshifter)
  2 raiju (shapeshifter)
  14 hornets
  2 trolls (shapeshifter)
  A slime creature (shapeshifter) (Depths:4)
  8 tyrant leeches
  2 harpy skeletons
  4 bog bodies
  45 blink frogs
  A dream sheep (Snake:1)
  3 dream sheep (shapeshifter)
  A blink frog (shapeshifter) (Vaults:2)
  2 ettin zombies
  121 slime creatures
  13 hippogriffs
  A frost giant simulacrum (Depths:1)
  An air elemental (Elf:3)
  50 flying skulls
  A spriggan (shapeshifter) (D:14)
  7 shadows
  A tarantella (shapeshifter) (Depths:4)
  7 wyverns
  40 yaks
  A centaur simulacrum (D:13)
  3 vampires
  6 spriggans
  5 water elementals
  Eustachio (D:6)
  10 wraiths
  2 humans (shapeshifter)
  A basilisk (shapeshifter) (Depths:1)
  A hog (shapeshifter) (Depths:4)
  2 steam dragons
  3 basilisks
  An ettin skeleton (Crypt:1)
  A yak (shapeshifter) (Vaults:1)
  3 hungry ghosts
  2 golden eyes (shapeshifter) (Depths:4)
  21 humans
  7 wargs
  26 vampire mosquitoes
  5 acid dragons
  21 insubstantial wisps
  63 nagas
  14 swamp worms
  An infernal demonspawn zombie (Crypt:2)
  A human skeleton (Vaults:2)
  6 porcupines
  An infernal demonspawn skeleton (Crypt:2)
  A porcupine (shapeshifter) (Depths:4)
  23 water moccasins
  A floating eye (Slime:5)
  41 orc warriors
  9 ice beasts
  13 swamp drakes
  6 sky beasts
  3 eyes of draining
  4 black bears
  An elephant zombie (Crypt:1)
  3 phantoms
  An eye of draining (shapeshifter) (Vaults:3)
  A human zombie (Vaults:2)
  An ogre (shapeshifter) (Vaults:2)
  5 necrophages
  42 ogres
  31 centaurs
  A boggart (Vaults:1)
  13 crocodiles
  3 big kobolds
  A bullfrog (shapeshifter) (Depths:5)
  A salamander zombie (Crypt:1)
  32 bullfrogs
  6 earth elementals
  A water moccasin zombie (Crypt:2)
  A wyvern skeleton (D:14)
  A scorpion (shapeshifter) (Elf:3)
  3 scorpions
  7 killer bees
  20 wights
  A yak skeleton (Crypt:2)
  An electric eel (Elf:3)
  A tengu skeleton (Depths:1)
  A vampire bat (Lair:5)
  2 howler monkeys
  2 bullfrog zombies
  3 crimson imps
  A small abomination (Crypt:3)
  4 centaur zombies
  2 quasits
  A gnoll shaman (D:6)
  4 bullfrog skeletons
  10 jellies
  6 hounds
  36 orc priests
  A demonspawn skeleton (Crypt:2)
  9 iguanas
  37 orc wizards
  14 worker ants
  A deep dwarf zombie (Crypt:2)
  A hound zombie (D:8)
  3 hound skeletons
  A worker ant zombie (D:10)
  5 gnolls
  A howler monkey skeleton (D:8)
  25 adders
  5 shadow imps
  5 oozes
  A worm zombie (Crypt:2)
  4 adder skeletons
  A worm (D:4)
  5 dart slugs
  6 leopard geckos
  140 orcs
  8 ball pythons
  7 giant cockroaches
  10 hobgoblins
  11 jackals
  23 kobolds
  2 quokkas
  11 bats
  3 frilled lizards
  5 goblins
  A jackal skeleton (Crypt:2)
  2 leopard gecko zombies
  6 rats
  2 crawling corpses (Elf:3)
2391 creatures vanquished.

Vanquished Creatures (collateral kills)
  A golden dragon (Depths:5)
  A bone dragon (Crypt:3)
  A profane servitor (Crypt:3)
  3 liches
  A tentacled monstrosity (Zot:3)
  A quicksilver dragon (Zot:3)
  A deep elf blademaster (Elf:3)
  2 deep elf master archers (Elf:3)
  A titan (Depths:5)
  4 acid blobs (Slime:5)
  A sphinx (Depths:4)
  An ancient champion (Crypt:1)
  A storm dragon (Depths:5)
  2 draconian monks
  A revenant (Crypt:3)
  2 shadow dragons
  An azure jelly (Slime:5)
  A fire giant (Depths:2)
  2 frost giants
  A draconian scorcher (Zot:1)
  A deep elf sorcerer (Elf:3)
  2 curse skulls (Crypt:2)
  A draconian stormcaller (Zot:3)
  A deep elf elementalist (Elf:3)
  2 draconian annihilators (Zot:1)
  A green draconian (Zot:1)
  A ghoul (Crypt:3)
  2 very ugly things
  A stone giant (Depths:2)
  5 vampire knights
  2 white draconians
  A red draconian (Zot:2)
  A purple draconian (Zot:2)
  2 deep elf death magi
  An ettin (Vaults:4)
  2 death oozes (Slime:5)
  2 eidola (Crypt:1)
  2 yaktaur captains (Depths:5)
  A jiangshi (Crypt:3)
  A deep elf high priest (Elf:3)
  An ice dragon (Depths:4)
  A rakshasa (Depths:1)
  A vault guard (Vaults:2)
  A centaur warrior (Vaults:1)
  2 ogre magi
  2 death knights (Crypt:3)
  2 two-headed ogres (Vaults:3)
  2 dancing weapons (Elf:2)
  A deep troll earth mage (Depths:3)
  2 deep troll shamans
  5 deep elf knights
  A hell knight (Depths:4)
  An iron troll (Depths:2)
  2 shadow wraiths (Crypt:3)
  A wizard (Depths:2)
  7 skeletal warriors
  A deep troll (Vaults:4)
  An ironbrand convoker (Vaults:4)
  A glowing orange brain (Depths:4)
  2 flayed ghosts (Crypt:3)
  2 phantasmal warriors
  A harpy (shapeshifter) (Depths:4)
  A wolf spider (Vaults:2)
  4 deep elf magi
  A shining eye (Slime:1)
  A moth of wrath (Zot:2)
  3 ugly things
  A spiny frog (Lair:6)
  A spriggan zombie (Depths:1)
  4 yaktaurs
  2 freezing wraiths (Crypt:3)
  A wind drake (shapeshifter) (Depths:3)
  A hippogriff (shapeshifter) (Depths:4)
  5 slime creatures
  7 flying skulls
  A spriggan (Depths:5)
  A wraith (Crypt:3)
  A vampire (Vaults:3)
  A small abomination (Crypt:3)
  An ice beast (D:10)
  An eye of draining (Slime:1)
  3 necrophages (Crypt:3)
  4 ogres
  A centaur (D:9)
  A draconian zombie (Crypt:1)
  An earth elemental (Elf:3)
  A cyclops skeleton (Crypt:1)
  A scorpion (D:4)
  3 wights (Crypt:1)
  An orc wizard (D:9)
  4 orcs
  A plant (Lair:6)
160 creatures vanquished.

Vanquished Creatures (others)
  3 death cobs
  A draconian shifter (Zot:2)
  2 draconian stormcallers
  A white draconian (Zot:1)
  A fire dragon (D:12)
  An ogre mage (Vaults:4)
  A naga warrior (Snake:4)
  An ice dragon (Depths:3)
  A dancing weapon (Zot:3)
  A deep elf knight (Elf:2)
  2 swamp worms (Swamp:2)
  A water moccasin (Lair:5)
  An orc warrior (Vaults:3)
  A swamp drake (Swamp:4)
  2 centaurs (Vaults:2)
  A bullfrog (Lair:5)
  An iguana (D:10)
  An orc wizard (Orc:1)
  2 adders
  A ball lightning (Zot:3)
  4 orcs
  A bush (Lair:5)
  14 fungi
  53 plants
98 creatures vanquished.

Grand Total: 2649 creatures vanquished

Notes
Turn   | Place    | Note
-------+----------+-------------------------------------------
     0 | D:1      | EnegeticOcto the Mummy Chaos Knight began the quest for the
                  | Orb.
     0 | D:1      | Reached XP level 1. HP: 18/18 MP: 1/1
   174 | D:1      | XOM: potion effect (brilliance)
   177 | D:1      | XOM: summons friendly shadow imp
   188 | D:1      | Reached XP level 2. HP: 17/24 MP: 2/2
   492 | D:1      | XOM: medium Erth miscast
   689 | D:1      | Reached skill level 4 in Fighting
  1197 | D:2      | Reached XP level 3. HP: 30/30 MP: 3/3
  1241 | D:2      | XOM: scenery: create altars
  1523 | D:2      | XOM: noise
  1574 | D:2      | Found a hide-covered altar of Uskayaw.
  1736 | D:2      | Reached skill level 5 in Fighting
  1736 | D:2      | Reached XP level 4. HP: 39/39 MP: 4/4
  1737 | D:2      | Found a shadowy altar of Dithmenos.
  2145 | D:3      | XOM: 1-stop teleportation journey
  2162 | D:3      | Noticed a glowing shapeshifter
  2162 | D:3      | a bat changed into a glowing shapeshifter
  2162 | D:3      | Noticed a mana viper
  2162 | D:3      | a glowing shapeshifter changed into a mana viper
  2165 | D:3      | Noticed a salamander
  2168 | D:3      | Noticed a dream sheep
  2168 | D:3      | a salamander changed into a dream sheep
  2174 | D:3      | Killed a dream sheep
  2174 | D:3      | Reached skill level 6 in Fighting
  2174 | D:3      | Reached XP level 5. HP: 19/47 MP: 0/5
  2174 | D:3      | Reached XP level 6. HP: 21/53 MP: 0/6
  2428 | D:3      | Reached skill level 7 in Fighting
  2436 | D:3      | XOM: mild Chrm miscast
  2501 | D:3      | Noticed a glowing shapeshifter
  2501 | D:3      | a howler monkey changed into a glowing shapeshifter
  2501 | D:3      | XOM: polymorph howler monkey -> glowing shapeshifter
  2501 | D:3      | Noticed an eye of devastation
  2501 | D:3      | a glowing shapeshifter changed into an eye of devastation
  2503 | D:3      | XOM: noise
  2505 | D:3      | Noticed a glowing shapeshifter
  2505 | D:3      | an eye of devastation changed into a glowing shapeshifter
  2505 | D:3      | Noticed a water nymph
  2505 | D:3      | a glowing shapeshifter changed into a water nymph
  2507 | D:3      | Noticed an eye of devastation
  2507 | D:3      | a water nymph changed into an eye of devastation
  2529 | D:3      | XOM: chaos cloud
  2529 | D:3      | Noticed a floating eye
  2529 | D:3      | an eye of devastation changed into a floating eye
  2530 | D:3      | Noticed a hippogriff
  2530 | D:3      | a floating eye changed into a hippogriff
  2532 | D:3      | Noticed a moth of wrath
  2532 | D:3      | a hippogriff changed into a moth of wrath
  2533 | D:3      | XOM: swap monsters
  2539 | D:3      | XOM: harmless Fire miscast
  2541 | D:3      | Killed a moth of wrath
  2541 | D:3      | Reached skill level 8 in Fighting
  2541 | D:3      | Reached XP level 7. HP: 31/63 MP: 7/7
  2545 | D:3      | XOM: mild Tloc miscast
  2734 | D:3      | XOM: mild Conj miscast
  3143 | D:4      | XOM: fog
  3155 | D:4      | XOM: cast spell 'Summon Hydra'
  3331 | D:4      | Reached skill level 9 in Fighting
  3353 | D:4      | XOM: god gift: 7 rations
  3428 | D:4      | Found a staircase to the Ecumenical Temple.
  3431 | D:4      | XOM: smoke on damage
  3701 | D:4      | XOM: harmless Necr miscast
  4006 | D:4      | Reached XP level 8. HP: 62/72 MP: 8/8
  4113 | D:4      | Found a sparkling altar of Nemelex Xobeh.
  4174 | D:4      | XOM: harmless Erth miscast
  4227 | D:4      | XOM: god gift: robe {god gift}
  4249 | D:5      | Entered Level 5 of the Dungeon
  4259 | D:5      | Reached skill level 1 in Evocations
  4311 | D:5      | XOM: enchant monster (good)
  4451 | D:5      | XOM: noise
  4457 | D:5      | XOM: divination: detect creatures
  4463 | D:5      | XOM: mild Summ miscast
  4526 | D:5      | Reached skill level 10 in Fighting
  4732 | D:5      | XOM: mild Summ miscast
  5014 | D:5      | Found a sparkling altar of Nemelex Xobeh.
  5117 | D:5      | XOM: divination: detect creatures
  5151 | D:5      | XOM: divination: detect creatures
  5161 | D:5      | XOM: harmless Ice miscast
  5443 | D:4      | XOM: harmless Ice miscast
  6130 | D:6      | Reached skill level 1 in Stealth
  6130 | D:6      | Reached XP level 9. HP: 78/78 MP: 12/12
  6242 | D:6      | Found Mufohoek's Weapon Shop.
  6356 | D:6      | XOM: noise
  6367 | D:6      | Found Wulaicea's Book Shop.
  6400 | D:6      | XOM: cast spell 'Summon Butterflies'
  6556 | D:5      | XOM: noise
  6570 | D:5      | Reached skill level 1 in Dodging
  6585 | D:6      | Reached skill level 1 in Maces & Flails
  6629 | D:6      | Noticed Eustachio
  6682 | D:6      | XOM: confuse monster(s)
  6696 | D:6      | Killed Eustachio
  6950 | D:6      | Found Umeonnah's Assorted Antiques.
  6974 | D:6      | XOM: cast spell 'Summon Butterflies'
  6981 | D:6      | XOM: potion effect (haste)
  7012 | D:6      | XOM: cleaving
  7053 | D:6      | XOM: 10-stop teleportation journey
  7378 | D:6      | Found Icuewostyz's Gadget Shoppe.
  7424 | D:6      | XOM: scenery: 2 doors open, 1 doors close
  7615 | D:6      | Reached skill level 1 in Shields
  7836 | D:7      | XOM: enchant monster (good)
  7841 | D:7      | XOM: summons 7 friendly demons
  7931 | D:6      | XOM: medium Pois miscast
  8265 | D:7      | Found a blossoming altar of Fedhas.
  8400 | D:7      | Noticed Maggie
  8424 | D:7      | Killed Maggie
  8726 | D:7      | Found a shimmering altar of Xom.
  8766 | D:7      | Learned a level 1 spell: Apportation
  8873 | D:7      | Reached XP level 10. HP: 85/85 MP: 13/13
  9094 | D:8      | XOM: enchant monster (good)
  9120 | D:7      | Reached skill level 5 in Maces & Flails
  9144 | D:7      | XOM: summons 2 hostile shadow creatures
  9261 | D:8      | XOM: confuse monster(s)
  9266 | D:8      | Found a staircase to the Lair.
  9266 | D:8      | XOM: 5-stop teleportation journey
  9285 | D:7      | XOM: cast spell 'Summon Ice Beast'
  9600 | D:8      | XOM: 7-stop teleportation journey
  9792 | D:8      | XOM: divination: magic mapping
  9834 | D:8      | XOM: noise
  9911 | D:8      | XOM: enchant monster (bad)
  9923 | D:8      | XOM: enchant monster (good)
 10142 | D:8      | XOM: mild Conj miscast
 10226 | D:9      | Noticed a two-headed ogre
 10227 | D:9      | XOM: enchant monster (bad)
 10228 | D:9      | XOM: cast spell 'Discord'
 10278 | D:9      | Noticed a two-headed ogre
 10279 | D:9      | XOM: enchant monster (bad)
 10288 | D:8      | XOM: swap monsters
 10496 | D:9      | XOM: enchant monster (bad)
 10529 | D:9      | Killed a two-headed ogre
 10567 | D:9      | Found a bloodstained altar of Trog.
 10567 | D:9      | XOM: 3-stop teleportation journey
 10675 | D:9      | XOM: 7-stop teleportation journey
 10861 | D:9      | XOM: enchant monster (bad)
 10920 | D:9      | XOM: 1-stop teleportation journey
 10996 | D:9      | Killed a two-headed ogre
 11150 | D:9      | XOM: mild Conj miscast
 11163 | D:9      | XOM: 1-stop teleportation journey
 11322 | D:9      | XOM: summons 2 hostile shadow creatures
 11389 | D:9      | XOM: swap monsters
 11392 | D:9      | Reached skill level 5 in Shields
 11735 | D:6      | Bought a scroll of remove curse for 78 gold pieces
 11735 | D:6      | Bought a scroll of blinking for 195 gold pieces
 11821 | D:10     | Entered Level 10 of the Dungeon
 11875 | D:10     | XOM: summons 5 hostile demons
 12036 | D:10     | Got a polished ring mail
 12084 | D:10     | XOM: mild Erth miscast
 12097 | D:10     | XOM: destruction
 12106 | D:10     | Noticed a glowing shapeshifter
 12106 | D:10     | a spriggan changed into a glowing shapeshifter
 12106 | D:10     | XOM: polymorph spriggan -> glowing shapeshifter
 12107 | D:10     | a glowing shapeshifter changed into a merfolk
 12108 | D:10     | Noticed a shock serpent
 12108 | D:10     | a merfolk changed into a shock serpent
 12120 | D:10     | Killed a shock serpent
 12120 | D:10     | Reached XP level 11. HP: 66/90 MP: 14/14
 12182 | D:10     | XOM: potion effect (haste)
 12234 | D:10     | XOM: harmless Conj miscast
 12310 | D:10     | XOM: silly message
 12375 | D:10     | XOM: scenery: 2 doors open
 12376 | D:10     | XOM: summons friendly white imp
 12394 | D:10     | XOM: summons friendly ufetubus
 12398 | D:10     | XOM: summons friendly white imp
 12948 | D:11     | Noticed a six-headed hydra
 13017 | D:11     | Found a frozen archway.
 13027 | IceCv    | Entered an ice cave
 13027 | IceCv    | XOM: harmless Chrm miscast
 13038 | IceCv    | XOM: enchant monster (good)
 13048 | IceCv    | XOM: potion effect (haste)
 13148 | IceCv    | Noticed a white ugly thing
 13152 | IceCv    | XOM: cast spell 'Dispersal'
 13170 | IceCv    | Killed a white ugly thing
 13186 | IceCv    | Identified the +5 ring mail of the Slorg {Str+5 Dex+3
                  | Stlth+} (You found it on level 10 of the Dungeon)
 13311 | IceCv    | XOM: confuse monster(s)
 13355 | IceCv    | XOM: scenery: create altars
 13416 | IceCv    | XOM: summons 2 friendly demons
 13544 | D:11     | XOM: summons 2 friendly demons
 13624 | D:11     | XOM: confuse monster(s)
 13636 | D:11     | XOM: polymorph bullfrog -> killer bee
 13721 | D:11     | Noticed a two-headed ogre
 13733 | D:11     | Killed a two-headed ogre
 13840 | D:11     | Noticed a death knight
 13856 | D:11     | XOM: cast spell 'Call Canine Familiar'
 13868 | D:11     | XOM: confuse monster(s)
 13870 | D:11     | Reached skill level 10 in Maces & Flails
 13879 | D:11     | XOM: harmless Pois miscast
 13893 | D:11     | Killed a death knight
 14015 | D:11     | Found a staircase to the Orcish Mines.
 14023 | Orc:1    | Entered Level 1 of the Orcish Mines
 14110 | Orc:1    | Noticed an orc sorcerer
 14116 | Orc:1    | Noticed an orc knight
 14117 | Orc:1    | Killed an orc sorcerer
 14119 | Orc:1    | XOM: potion effect (haste)
 14145 | Orc:1    | Killed an orc knight
 14218 | Orc:1    | Found a roughly hewn altar of Beogh.
 14233 | Orc:1    | XOM: enchant monster (good)
 14238 | Orc:1    | Reached XP level 12. HP: 97/97 MP: 15/15
 14403 | Orc:1    | Noticed Nergalle
 14434 | Orc:1    | Killed Nergalle
 14511 | Orc:1    | XOM: 4-stop teleportation journey
 14515 | Orc:1    | XOM: harmless Pois miscast
 14521 | Orc:1    | XOM: divination: detect items
 14786 | D:8      | XOM: summons 2 hostile demons
 14881 | D:6      | Bought the +9 morningstar of Raes {freeze, Int+3} for 851
                  | gold pieces
 14978 | Lair:1   | Entered Level 1 of the Lair of Beasts
 15065 | Lair:1   | XOM: blink monster(s)
 15233 | Lair:1   | XOM: enchant monster (good)
 15235 | Lair:1   | XOM: summons friendly quasit
 15260 | Lair:1   | XOM: summons friendly crimson imp
 15800 | Lair:2   | Found a staircase to the Snake Pit.
 15806 | Lair:2   | XOM: divination: detect items
 15808 | Lair:2   | XOM: enchant monster (good)
 15809 | Lair:2   | XOM: polymorph adder -> gnoll
 15873 | Lair:2   | XOM: potion effect (brilliance)
 15963 | Lair:2   | XOM: polymorph yak -> spriggan
 15978 | Lair:2   | XOM: divination: detect creatures
 15983 | Lair:2   | XOM: confusion (+ monsters)
 16027 | Lair:2   | Noticed Qalesan's ghost (journeyman MiFi)
 16028 | Lair:2   | XOM: harmless Chrm miscast
 16029 | Lair:2   | Found a runed translucent door.
 16102 | Lair:2   | XOM: cleaving
 16106 | Lair:2   | XOM: scenery: create altars
 16111 | Lair:2   | XOM: scenery: create altars
 16112 | Lair:2   | XOM: scenery: create altars
 16172 | Lair:2   | Noticed a five-headed hydra
 16180 | Lair:2   | Killed a five-headed hydra
 16352 | Lair:2   | XOM: harmless Air miscast
 16519 | Lair:2   | XOM: noise
 16640 | Lair:3   | XOM: potion effect (invisibility)
 16711 | Lair:3   | XOM: potion effect (haste)
 16716 | Lair:3   | Gained mutation: You are in touch with the powers of death.
                  | [Mummy growth]
 16716 | Lair:3   | Reached XP level 13. HP: 103/103 MP: 16/16
 16950 | Lair:3   | Noticed Rupert
 17070 | Lair:4   | XOM: potion effect (invisibility)
 17085 | Lair:4   | XOM: silly message
 17139 | Lair:4   | XOM: harmless Conj miscast
 17436 | Lair:4   | XOM: harmless Chrm miscast
 17520 | Lair:4   | XOM: cast spell 'Olgreb's Toxic Radiance'
 17708 | Lair:4   | XOM: harmless Necr miscast
 17714 | Lair:4   | XOM: silly message
 17915 | Lair:4   | Identified a scroll of acquirement
 18108 | Lair:5   | XOM: cloud trail
 18140 | Lair:5   | Found an ancient bone altar of Kikubaaqudgha.
 18222 | Lair:5   | Noticed Snorg
 18233 | Lair:5   | Killed Snorg
 18300 | Lair:5   | XOM: enchant monster (bad)
 18317 | Lair:5   | XOM: medium Ice miscast
 18332 | Lair:5   | Reached skill level 10 in Shields
 18446 | Lair:5   | Found a staircase to the Slime Pits.
 18471 | Lair:5   | XOM: polymorph bullfrog -> acid dragon
 18498 | Lair:5   | XOM: medium Tloc miscast
 18535 | Lair:5   | Identified the ring of the Princess {rPois rC+} (You
                  | acquired it on level 5 of the Lair of Beasts)
 18922 | Lair:5   | XOM: harmless Chrm miscast
 18939 | Lair:5   | XOM: stat loss: -1 Str (19/20)
 18953 | Lair:6   | Entered Level 6 of the Lair of Beasts
 18957 | Lair:5   | XOM: enchant monster (good)
 18958 | Lair:5   | XOM: destruction
 18961 | Lair:5   | XOM: harmless Tloc miscast
 18976 | Lair:5   | XOM: scenery: create altars
 19048 | Lair:6   | XOM: cleaving
 19138 | Lair:6   | XOM: swap monsters
 19169 | Lair:6   | Reached skill level 11 in Fighting
 19188 | Lair:6   | Reached XP level 14. HP: 91/113 MP: 17/17
 19276 | Lair:6   | XOM: blink monster(s)
 19347 | Lair:6   | Noticed Josephine
 19371 | Lair:6   | XOM: cast spell 'Summon Hydra'
 19379 | Lair:6   | Killed Josephine
 19386 | Lair:6   | XOM: mild Chrm miscast
 19552 | Lair:6   | XOM: summons 2 friendly demons
 19599 | Lair:6   | XOM: harmless Ice miscast
 19600 | Lair:6   | XOM: summons friendly white imp
 19607 | Lair:6   | XOM: enchant monster (good)
 19677 | Lair:6   | XOM: summons 3 friendly demons
 19682 | Lair:6   | XOM: confuse monster(s)
 19737 | Lair:6   | XOM: divination: detect creatures
 19739 | Lair:6   | XOM: cleaving
 19742 | Lair:6   | XOM: swap monsters
 19785 | Lair:6   | XOM: confuse monster(s)
 19805 | Lair:6   | XOM: confuse monster(s)
 19903 | Lair:6   | Reached skill level 12 in Fighting
 20024 | Lair:6   | Identified the Collected Works on the Freezing Entourage
 20181 | Lair:6   | XOM: enchant monster (good)
 20423 | Lair:6   | XOM: summons friendly ufetubus
 20501 | Lair:6   | Got a dazzling long sword
 20502 | Lair:6   | XOM: harmless Pois miscast
 20613 | Lair:6   | Found a glowing golden altar of the Shining One.
 20800 | Lair:6   | Identified the +4 long sword of Grace {flame, rElec Dex+6}
                  | (You found it on level 6 of the Lair of Beasts)
 20936 | Lair:4   | XOM: confusion (+ monsters)
 20937 | Lair:4   | XOM: medium Summ miscast
 20946 | Lair:4   | XOM: cleaving
 21079 | Lair:4   | Found a staircase to the Swamp.
 21486 | D:12     | Found a runed translucent door.
 21487 | D:12     | Found a runed translucent door.
 21488 | D:12     | Found the +2 shield of Resistance {rF+ rC+ MR+}
 21598 | D:12     | XOM: severe Conj miscast
 21706 | D:12     | XOM: enchant monster (bad)
 21720 | D:12     | XOM: potion effect (might)
 22040 | D:12     | You fall into a shaft and drop 2 floors!
 22214 | D:13     | Found a transporter.
 22217 | D:13     | Identified the +7 great sword "Wahaqoli" {elec, Int+3}
 22226 | D:13     | Found a bloodstained altar of Trog.
 22226 | D:13     | Noticed Iduconai's ghost (journeyman DrGl)
 22252 | D:13     | Found a transporter.
 22389 | D:13     | Reached XP level 15. HP: 122/122 MP: 18/18
 22392 | D:13     | Found a shadowy altar of Dithmenos.
 22449 | D:13     | XOM: cast spell 'Monstrous Menagerie'
 22480 | D:13     | XOM: silly message
 22496 | D:13     | XOM: 1-stop teleportation journey
 22508 | D:13     | Reached skill level 13 in Fighting
 22525 | D:13     | Reached skill level 15 in Maces & Flails
 22576 | D:13     | XOM: cloud trail
 22635 | D:13     | XOM: confuse monster(s)
 22761 | D:13     | XOM: summons 2 friendly demons
 22769 | D:13     | XOM: fog
 22773 | D:13     | XOM: smoke on damage
 22800 | D:13     | XOM: smoke on damage
 22865 | D:13     | XOM: summons 1 hostile demon
 22970 | D:13     | XOM: stat loss: -1 Int (18/19)
 23173 | D:14     | XOM: confusion (+ monsters)
 23247 | D:14     | Found a gate to the Vaults.
 23394 | D:14     | XOM: confuse monster(s)
 23486 | D:14     | You fall into a shaft and drop 1 floor!
 23486 | D:15     | Entered Level 15 of the Dungeon
 23506 | D:14     | XOM: enchant monster (good)
 23508 | D:14     | XOM: summons friendly shadow imp
 23556 | D:14     | XOM: summons 3 friendly demons
 23692 | D:14     | XOM: cast spell 'Olgreb's Toxic Radiance'
 23736 | D:14     | XOM: fog
 23774 | D:14     | XOM: scenery: 1 doors close
 23863 | D:14     | XOM: enchant monster (bad)
 23929 | D:14     | XOM: divination: detect creatures
 23945 | D:14     | XOM: potion effect (might)
 23970 | D:14     | XOM: divination: detect items
 24299 | D:13     | XOM: mild Summ miscast
 24321 | D:13     | XOM: harmless Tloc miscast
 24762 | Orc:2    | Entered Level 2 of the Orcish Mines
 24802 | Orc:2    | Found a roughly hewn altar of Beogh.
 24897 | Orc:2    | Noticed Sonja
 24905 | Orc:2    | Noticed Sonja
 24905 | Orc:2    | Sonja changed into Sonja the black bear
 24910 | Orc:2    | Killed Sonja the black bear
 24938 | Orc:2    | Learned a level 1 spell: Summon Butterflies
 24940 | Orc:2    | Found a roughly hewn altar of Beogh.
 24940 | Orc:2    | Found Sithoaff's Assorted Antiques.
 25046 | Orc:2    | XOM: divination: detect items
 25047 | Orc:2    | Reached skill level 14 in Fighting
 25056 | Orc:2    | Learned a level 1 spell: Animate Skeleton
 25060 | Orc:2    | Noticed Saint Roka
 25062 | Orc:2    | XOM: potion effect (haste)
 25411 | Orc:2    | Found Inecio's Food Shoppe.
 25468 | Orc:2    | Found a roughly hewn altar of Beogh.
 25679 | Orc:2    | Found a staircase to the Elven Halls.
 25703 | Orc:2    | Noticed an orc warlord
 25712 | Orc:2    | XOM: cast spell 'Call Canine Familiar'
 25721 | Orc:2    | XOM: potion effect (stabbing)
 25724 | Orc:2    | XOM: potion effect (might)
 25749 | Orc:2    | XOM: divination: detect creatures
 25758 | Orc:2    | Killed an orc warlord
 25936 | Orc:2    | XOM: noise
 25940 | Orc:2    | Found Awkak's Antique Armour Boutique.
 25955 | Orc:2    | Found a roughly hewn altar of Beogh.
 26023 | Orc:2    | Found Fuellag's Antique Weapon Shop.
 26035 | Orc:2    | Bought a glowing scarf for 256 gold pieces
 26057 | Orc:2    | XOM: cloud trail
 26107 | Orc:2    | XOM: harmless Conj miscast
 26190 | Orc:2    | Found a roughly hewn altar of Beogh.
 26228 | Orc:2    | Found a roughly hewn altar of Beogh.
 26275 | Orc:2    | Found a roughly hewn altar of Beogh.
 26276 | Orc:2    | Found Womax's Antique Weapon Shoppe.
 26353 | Orc:2    | Bought a pair of glowing gloves for 157 gold pieces
 26353 | Orc:2    | Bought a scroll labeled PAOVIENYIRR for 21 gold pieces
 26353 | Orc:2    | Bought a wand of iceblast (4) for 84 gold pieces
 26353 | Orc:2    | Bought a scroll of fog for 42 gold pieces
 26720 | D:15     | Found a shadowy altar of Dithmenos.
 26837 | D:15     | XOM: 1-stop teleportation journey
 26887 | D:15     | Found Kingoit's Antique Armour Shop.
 26930 | D:15     | Bought a pair of slimy gloves for 256 gold pieces
 26930 | D:15     | Identified the +0 pair of gloves of the Demon Prince {rN++}
                  | (You bought it in a shop on level 15 of the Dungeon)
 26972 | D:15     | Found a shadowy altar of Dithmenos.
 26973 | D:15     | Noticed Nessos
 26974 | D:15     | Noticed Nessos
 26974 | D:15     | Nessos changed into Nessos the shock serpent
 26975 | D:15     | Noticed Nessos
 26975 | D:15     | Nessos the shock serpent changed into Nessos the glowing
                  | shapeshifter
 26976 | D:15     | Noticed Nessos
 26976 | D:15     | Nessos the glowing shapeshifter changed into Nessos the
                  | tarantella
 26978 | D:15     | Noticed Nessos
 26978 | D:15     | Nessos the tarantella changed into Nessos the troll
 26984 | D:15     | Killed Nessos the troll
 27385 | D:9      | XOM: scenery: create altars
 27495 | Lair:3   | XOM: scenery: 2 doors open
 27513 | Lair:3   | XOM: divine lightning
 27520 | Lair:3   | Killed Rupert
 27520 | Lair:3   | Reached XP level 16. HP: 134/134 MP: 19/19
 27719 | Lair:3   | XOM: god gift: 15 gold pieces
 27770 | Swamp:1  | Entered Level 1 of the Swamp
 27790 | Swamp:1  | XOM: 1-stop teleportation journey
 27791 | Swamp:1  | You fall into a shaft and drop 1 floor!
 27826 | Swamp:2  | XOM: confuse monster(s)
 27836 | Swamp:2  | XOM: divine lightning
 27991 | Swamp:2  | Reached skill level 15 in Shields
 28026 | Swamp:1  | XOM: cloud trail
 28085 | Swamp:1  | XOM: 8-stop teleportation journey
 28097 | Swamp:1  | Identified the cursed +0 chain mail of Lifelessness {rPois
                  | Stlth+} (You found it on level 1 of the Swamp)
 28130 | Swamp:1  | XOM: cast spell 'Summon Ice Beast'
 28146 | Swamp:1  | Reached skill level 15 in Fighting
 28314 | Swamp:1  | XOM: silly message
 28716 | Swamp:1  | XOM: god gift: book of Clouds
 29017 | Swamp:2  | Found a runed translucent gate.
 29018 | Swamp:2  | Found a runed translucent gate.
 29018 | Swamp:2  | Noticed Shaidar's ghost (journeyman MiBe)
 29019 | Swamp:2  | XOM: potion effect (haste)
 29029 | Swamp:2  | XOM: summons friendly shadow imp
 29130 | Swamp:2  | XOM: cloud trail
 29190 | Swamp:2  | Found a runed translucent gate.
 29200 | Swamp:2  | XOM: confuse monster(s)
 29553 | Swamp:3  | Reached skill level 16 in Fighting
 29600 | Swamp:3  | XOM: blink monster(s)
 29687 | Swamp:3  | XOM: polymorph spiny frog -> komodo dragon
 30000 | Swamp:3  | XOM: 1-stop teleportation journey
 30151 | Swamp:3  | XOM: polymorph tyrant leech -> fire dragon
 30156 | Swamp:3  | XOM: summons friendly iron imp
 30162 | Swamp:3  | XOM: polymorph iron imp -> quasit
 30182 | Swamp:3  | Identified the +4 spear of Patterns {flame, +Fly rElec MR+
                  | Dex-4} (You found it on level 3 of the Swamp)
 30325 | Swamp:3  | XOM: cast spell 'Death Channel'
 30351 | Swamp:3  | XOM: god gift: 2840 gold pieces
 30357 | Swamp:3  | XOM: scenery: create altars
 30706 | D:15     | Bought bloodstained fire dragon scales for 1755 gold pieces
 30706 | D:15     | Identified the +2 fire dragon scales "Daseorgh" {rPois rF++
                  | rC- Str-2 SInv} (You bought it in a shop on level 15 of the
                  | Dungeon)
 30744 | D:15     | Learned a level 5 spell: Aura of Abjuration
 30749 | D:15     | Learned a level 4 spell: Summon Lightning Spire
 30823 | D:12     | XOM: divination: detect items
 30861 | D:10     | XOM: stat loss: -1 Str (15/16)
 31295 | Swamp:4  | Entered Level 4 of the Swamp
 31637 | Swamp:4  | Noticed a thorn hunter
 31654 | Swamp:4  | XOM: summons friendly shadow imp
 31736 | Swamp:3  | Killed a thorn hunter
 31926 | Swamp:4  | Reached skill level 5 in Armour
 31980 | Swamp:4  | XOM: harmless Ice miscast
 31996 | Swamp:4  | XOM: fake destruction
 32222 | Swamp:4  | Noticed the 27-headed Lernaean hydra
 32229 | Swamp:4  | Killed the 27-headed Lernaean hydra
 32229 | Swamp:4  | Reached skill level 5 in Dodging
 32273 | Swamp:3  | XOM: polymorph four-headed hydra -> emperor scorpion
 32497 | Swamp:4  | Reached XP level 17. HP: 130/146 MP: 20/20
 32691 | Swamp:4  | Got a decaying rune of Zot
 33133 | Snake:1  | Entered Level 1 of the Snake Pit
 33311 | Snake:1  | Found Suod Ocyt's Gadget Emporium.
 33394 | Snake:1  | Bought a wand of paralysis (12) for 168 gold pieces
 33531 | Snake:1  | XOM: smoke on damage
 33680 | Snake:1  | XOM: god gift: ration
 33728 | Snake:1  | XOM: harmless Erth miscast
 33818 | Snake:1  | XOM: potion effect (invisibility)
 34203 | Snake:1  | XOM: silly message
 34364 | Snake:2  | Reached skill level 5 in Evocations
 34368 | Snake:2  | XOM: harmless Hex miscast
 34651 | Snake:2  | XOM: 1-stop teleportation journey
 34945 | Snake:2  | XOM: scenery: create altars
 35169 | Snake:2  | XOM: destruction
 35170 | Snake:2  | XOM: smoke on damage
 35175 | Snake:2  | XOM: confusion
 35313 | Snake:2  | XOM is BORED!
 35411 | Snake:2  | XOM: cast spell 'Olgreb's Toxic Radiance'
 35515 | Snake:2  | XOM: scenery: create altars
 35541 | Snake:2  | XOM: scenery: create altars
 35559 | Snake:2  | XOM: divination: detect creatures
 35582 | Snake:2  | XOM: summons friendly rust devil
 35610 | Snake:2  | XOM: 6-stop teleportation journey
 35677 | Snake:2  | XOM: summons 8 hostile demons
 35697 | Snake:2  | Noticed Vashnia
 35725 | Snake:2  | XOM: noise
 35734 | Snake:2  | Killed Vashnia
 35747 | Snake:2  | Reached skill level 1 in Spellcasting
 35762 | Snake:2  | Reached skill level 1 in Summonings
 35813 | Snake:2  | XOM: harmless Chrm miscast
 36167 | Snake:3  | XOM: cast spell 'Dispersal'
 36291 | Snake:3  | XOM: snakes to sticks
 36320 | Snake:3  | XOM: mild Summ miscast
 36329 | Snake:3  | Reached skill level 5 in Spellcasting
 36549 | Snake:3  | XOM: enchant monster (good)
 36669 | Snake:3  | XOM: god gift: leather armour {god gift}
 36680 | Snake:3  | XOM: polymorph guardian serpent -> yak
 36918 | Snake:3  | XOM: snakes to sticks
 37045 | Snake:3  | XOM: scenery: create altars
 37307 | Snake:3  | XOM: divine lightning
 37309 | Snake:3  | Reached XP level 18. HP: 153/153 MP: 27/27
 37335 | Snake:4  | Entered Level 4 of the Snake Pit
 37441 | Snake:4  | XOM: noise
 37467 | Snake:4  | XOM: chaos upgrade
 37613 | Snake:4  | Reached skill level 5 in Summonings
 37665 | Snake:4  | Found Qapanica's Gadget Shop.
 37666 | Snake:4  | Found Tugay's Jewellery Shoppe.
 37667 | Snake:4  | Found Culot's Gadget Shop.
 37681 | Snake:4  | Bought a wand of digging (6) for 360 gold pieces
 37681 | Snake:4  | Bought a wand of digging (6) for 360 gold pieces
 37685 | Snake:4  | Bought a wand of paralysis (12) for 252 gold pieces
 37855 | Snake:4  | XOM: summons 3 hostile demons
 38066 | Snake:4  | Identified the +0 ring mail of Hosti {+Blink} (You found it
                  | on level 4 of the Snake Pit)
 38069 | Snake:4  | XOM: 1-stop teleportation journey
 38070 | Snake:4  | Noticed Louise
 38075 | Snake:4  | XOM: enchant monster (bad)
 38080 | Snake:4  | XOM: polymorph naga warrior -> sea snake
 38085 | Snake:4  | Noticed Asterion
 38085 | Snake:4  | XOM: polymorph sea snake -> glowing shapeshifter
 38102 | Snake:4  | Killed Asterion
 38158 | Snake:4  | Killed Louise
 38246 | Snake:4  | XOM: mild Ice miscast
 38290 | Snake:4  | XOM: medium Conj miscast
 38341 | Snake:4  | XOM: fog
 38423 | Snake:4  | XOM: potion effect (curing)
 38426 | Snake:4  | XOM: confusion
 38458 | Snake:4  | XOM: harmless Conj miscast
 38566 | Snake:4  | XOM: potion effect (brilliance)
 38570 | Snake:4  | XOM: harmless Ice miscast
 38581 | Snake:3  | XOM: smoke on damage
 38585 | Snake:3  | XOM: chaos upgrade
 38610 | Snake:3  | XOM: severe Chrm miscast
 38649 | Snake:3  | XOM: scenery: create altars
 38693 | Snake:4  | XOM: scenery: 1 fountains blood, 1 doors close
 38694 | Snake:4  | XOM: polymorph naga sharpshooter -> black draconian
 38953 | Snake:4  | XOM: scenery: 2 doors close
 39134 | Snake:4  | Identified the +8 dagger "Killer Bee's Bane" {flame, rPois
                  | Dex+3} (You found it on level 4 of the Snake Pit)
 39355 | Snake:4  | XOM: fog
 39425 | Snake:4  | XOM: cleaving
 39484 | Snake:4  | XOM: mild Erth miscast
 39495 | Snake:4  | XOM: cleaving
 39623 | Snake:3  | XOM: scenery: create altars
 39645 | Snake:4  | XOM: fog
 39780 | Snake:4  | XOM: confuse monster(s)
 39821 | Snake:4  | XOM: 7-stop teleportation journey
 39940 | Snake:4  | Got a serpentine rune of Zot
 40287 | Elf:1    | Entered Level 1 of the Elven Halls
 40337 | Elf:1    | Noticed an Ice Fiend
 40344 | Orc:2    | Reached skill level 1 in Air Magic
 40368 | Orc:2    | XOM: cleaving
 40594 | Elf:1    | XOM: harmless Necr miscast
 40603 | Elf:1    | XOM: smoke on damage
 40626 | Elf:1    | XOM: polymorph deep elf mage -> eye of devastation
 40650 | Elf:1    | XOM: potion effect (haste)
 40651 | Elf:1    | Reached skill level 10 in Summonings
 40669 | Elf:1    | XOM: noise
 40856 | Elf:1    | XOM: medium Tloc miscast
 40878 | Elf:1    | Reached XP level 19. HP: 147/159 MP: 31/31
 41030 | Elf:1    | Identified the Compendium of the Escort
 41118 | Elf:1    | Found a one-way gate to the infinite horrors of the Abyss.
 41118 | Elf:1    | Noticed Liratrer's ghost (adept DsAK)
 41142 | Elf:1    | Found a transporter.
 41144 | Elf:1    | Found a transporter.
 41457 | Elf:1    | XOM: god gift: ration
 41501 | Elf:1    | Identified the +6 rapier "Eviscerator" {distort, +Blink
                  | +Rage}
 41613 | Elf:2    | XOM: enchant monster (good)
 41804 | Elf:2    | XOM: confuse monster(s)
 41970 | Elf:2    | Found Byegg's Antique Armour Shop.
 42349 | Elf:2    | Found a runed translucent gate.
 42349 | Elf:2    | Found a runed translucent gate.
 42349 | Elf:2    | Found a runed translucent gate.
 42604 | Vaults:1 | Entered Level 1 of the Vaults
 42710 | Vaults:1 | XOM: potion effect (heal wounds)
 42712 | Vaults:1 | XOM: polymorph centaur warrior -> glowing shapeshifter
 42723 | Vaults:1 | Reached skill level 5 in Air Magic
 42854 | Vaults:1 | XOM: summons 15 friendly demons
 42910 | Vaults:1 | Found Evuilib's Weapon Boutique.
 42919 | Vaults:1 | XOM: enchant monster (good)
 43085 | Vaults:1 | XOM: divination: magic mapping
 43087 | Vaults:1 | XOM: fog
 43219 | Vaults:1 | XOM: cloud trail
 43359 | Vaults:1 | XOM: scenery: 2 doors close
 43402 | Vaults:1 | XOM: cast spell 'Summon Small Mammal'
 43420 | Vaults:1 | XOM: 2-stop teleportation journey
 43463 | Vaults:1 | XOM: divination: magic mapping
 43476 | Vaults:1 | XOM: summons 2 friendly demons
 43489 | Vaults:1 | XOM: summons friendly ufetubus
 43624 | Vaults:1 | XOM: 2-stop teleportation journey
 43704 | Vaults:1 | XOM: enchant monster (good)
 43715 | Vaults:1 | XOM: summons friendly ufetubus
 43867 | Vaults:1 | Reached skill level 10 in Armour
 43920 | Vaults:1 | XOM: enchant monster (good)
 43927 | Vaults:1 | XOM: 2-stop teleportation journey
 43981 | Vaults:1 | XOM: smoke on damage
 44485 | Vaults:1 | Found a sacrificial altar of Ru.
 44982 | Vaults:2 | XOM: polymorph white very ugly thing -> purple very ugly
                  | thing
 44984 | Vaults:2 | XOM: confuse monster(s)
 44990 | Vaults:2 | XOM: cleaving
 44995 | Vaults:2 | XOM: confuse monster(s)
 45087 | Vaults:2 | XOM: potion effect (haste)
 45105 | Vaults:2 | XOM: enchant monster (good)
 45108 | Vaults:2 | XOM: enchant monster (good)
 45124 | Vaults:2 | XOM: potion effect (brilliance)
 45199 | Vaults:2 | XOM: silly message
 45220 | Vaults:2 | XOM: cast spell 'Call Canine Familiar'
 45342 | Vaults:2 | XOM: noise
 45351 | Vaults:2 | XOM: potion effect (heal wounds)
 45436 | Vaults:2 | XOM: potion effect (haste)
 45756 | Vaults:2 | Reached XP level 20. HP: 150/166 MP: 32/32
 45785 | Vaults:2 | XOM: cast spell 'Summon Small Mammal'
 45876 | Vaults:2 | You fall into a shaft and drop 2 floors!
 45957 | Vaults:4 | XOM: potion effect (haste)
 45960 | Vaults:4 | XOM: noise
 46149 | Vaults:3 | XOM: summons 3 friendly demons
 46153 | Vaults:4 | XOM: enchant monster (bad)
 46161 | Vaults:4 | XOM: confuse monster(s)
 46348 | Vaults:3 | XOM: cast spell 'Summon Mana Viper'
 46561 | Vaults:3 | XOM: enchant monster (bad)
 46687 | Vaults:3 | XOM: chaos upgrade
 46701 | Vaults:3 | XOM: confusion
 46707 | Vaults:3 | XOM: medium Tloc miscast
 46731 | Vaults:3 | XOM: summons 3 friendly demons
 46750 | Vaults:3 | XOM: confusion (+ monsters)
 46759 | Vaults:3 | XOM: silly message
 46769 | Vaults:3 | XOM: fog
 46797 | Vaults:3 | XOM: god gift: 740 gold pieces
 46816 | Vaults:3 | XOM: 1-stop teleportation journey
 46819 | Vaults:3 | XOM: scenery: 1 doors close
 46936 | Vaults:3 | XOM: summons 13 friendly demons
 46991 | Vaults:3 | Found a staircase to the Crypt.
 47256 | Vaults:3 | Found Bitwuq's Antique Weapon Boutique.
 47542 | Vaults:3 | XOM: destruction
 47703 | Vaults:3 | XOM: cloud trail
 47707 | Vaults:3 | Learned a level 2 spell: Swiftness
 47713 | Vaults:3 | Learned a level 5 spell: Summon Mana Viper
 47717 | Vaults:3 | Learned a level 3 spell: Mephitic Cloud
 47841 | Vaults:2 | XOM: harmless Summ miscast
 47900 | Vaults:2 | XOM: harmless Air miscast
 47907 | Vaults:2 | XOM: divination: detect items
 47914 | Vaults:2 | XOM: cast spell 'Summon Butterflies'
 47927 | Vaults:2 | Reached skill level 1 in Hexes
 48109 | Vaults:2 | XOM: noise
 48111 | Vaults:2 | XOM: harmless Fire miscast
 48228 | Vaults:2 | XOM: divination: detect creatures
 48301 | Vaults:4 | XOM: enchant monster (good)
 48436 | Vaults:4 | Learned a level 5 spell: Irradiate
 48453 | Vaults:4 | XOM: polymorph stone giant -> shapeshifter
 48590 | Vaults:4 | Reached skill level 10 in Air Magic
 48624 | Vaults:4 | XOM: scenery: create altars
 48849 | Vaults:4 | XOM: enchant monster (good)
 48930 | Vaults:4 | Found Nonutaf's Armour Shop.
 48959 | Vaults:4 | XOM: summons 5 friendly demons
 49021 | Vaults:4 | Reached skill level 5 in Hexes
 49071 | Vaults:4 | XOM: summons friendly white imp
 49083 | Vaults:4 | XOM: fake destruction
 49084 | Vaults:4 | XOM: destruction
 49154 | Vaults:4 | XOM: fog
 49244 | Vaults:4 | XOM: scenery: 1 doors open, 3 doors close
 49413 | Vaults:4 | XOM: divine lightning
 49414 | Vaults:4 | Identified the amulet "Xocwasess" {Faith Dex+2}
 49440 | Vaults:4 | XOM: god gift: thick smoking staff {god gift}
 49526 | Vaults:4 | XOM: 1-stop teleportation journey
 49554 | Vaults:4 | XOM: 4-stop teleportation journey
 49574 | Vaults:4 | XOM: 4-stop teleportation journey
 49784 | Vaults:4 | XOM: confusion (+ monsters)
 49787 | Vaults:4 | XOM: fog
 49956 | Vaults:4 | XOM is BORED!
 49956 | Vaults:4 | XOM: summons 1 hostile shadow creature
 50032 | Vaults:4 | XOM: cast spell 'Summon Hydra'
 50220 | Vaults:4 | XOM: summons 3 hostile shadow creatures
 50431 | D:15     | XOM: confuse monster(s)
 50436 | D:15     | Found a staircase to the Depths.
 50629 | D:12     | XOM: chaos cloud
 50637 | D:12     | Paralysed by you for 2 turns
 50779 | D:12     | XOM: stat loss: -1 Dex (13/14)
 50928 | Depths:1 | Entered Level 1 of the Depths
 50932 | Depths:1 | XOM: cast spell 'Summon Small Mammal'
 50937 | Depths:1 | Reached XP level 21. HP: 172/172 MP: 33/33
 51039 | Depths:1 | XOM: divination: magic mapping
 51339 | Elf:3    | Entered Level 3 of the Elven Halls
 51596 | Elf:3    | XOM: swap monsters
 51652 | Elf:3    | XOM: summons 1 hostile demon
 51659 | Elf:3    | XOM: confusion (+ monsters)
 51664 | Elf:3    | XOM: confuse monster(s)
 51738 | Elf:3    | XOM: noise
 51821 | Elf:3    | XOM: noise
 51836 | Elf:3    | XOM: smoke on damage
 51946 | Elf:3    | XOM: silly message
 51993 | Elf:3    | Identified the amulet of Hyorphame {RegenMP Int+4 Dex+5}
 52217 | Elf:3    | XOM: enchant monster (good)
 52534 | Elf:3    | Reached skill level 10 in Hexes
 52878 | Elf:3    | Reached skill level 1 in Conjurations
 52915 | Elf:3    | XOM: harmless Fire miscast
 53270 | Elf:3    | Identified Husifoyza's Grimoire of Weightlessness and
                  | Envenoming
 53314 | Elf:3    | XOM: divination: magic mapping
 53326 | Elf:3    | Reached skill level 17 in Fighting
 53435 | Elf:3    | Identified the amulet "Tuorumyo" {+Rage rF+ Str+4 Dex+3}
 53450 | Elf:3    | Identified the ring of the Barracuda {rC+ Str+2 Int-4 SInv}
                  | (You found it on level 3 of the Elven Halls)
 53681 | Elf:2    | XOM: divination: detect items
 53967 | Elf:2    | XOM: scenery: create altars
 54057 | Elf:2    | XOM: cast spell 'Summon Horrible Things'
 54067 | Elf:2    | XOM: harmless Tloc miscast
 54310 | Orc:1    | XOM: medium Fire miscast
 54432 | D:13     | Learned a level 6 spell: Invisibility
 54467 | D:13     | Reached skill level 10 in Spellcasting
 54474 | D:13     | XOM: repel stairs
 54785 | Crypt:1  | Entered Level 1 of the Crypt
 54895 | Crypt:1  | XOM: scenery: create altars
 55094 | Crypt:1  | XOM: potion effect (stabbing)
 55295 | Crypt:1  | Noticed Xtahua
 55311 | Crypt:1  | Killed Xtahua
 55479 | Crypt:1  | XOM: medium Tmut miscast
 55626 | Crypt:1  | XOM: polymorph mana viper -> glowing orange brain
 55823 | Crypt:1  | Noticed Frederick
 55842 | Crypt:1  | Killed Frederick
 56255 | Crypt:2  | XOM: harmless Hex miscast
 56339 | Crypt:2  | XOM: mild Fire miscast
 56481 | Crypt:2  | XOM: silly message
 56946 | Crypt:2  | XOM: summons 3 hostile shadow creatures
 57027 | Crypt:2  | XOM: harmless Necr miscast
 57062 | Crypt:2  | XOM: summons 4 hostile demons
 57257 | Crypt:2  | XOM: medium Fire miscast
 57272 | Crypt:2  | Identified the +2 spear of Disintegration {flame, rElec
                  | Int-5 Dex+5} (You found it on level 2 of the Crypt)
 57301 | Crypt:3  | XOM: stealth player
 57301 | Crypt:3  | Entered Level 3 of the Crypt
 57308 | Crypt:3  | Reached XP level 22. HP: 182/182 MP: 37/37
 57551 | Crypt:3  | XOM: enchant monster (bad)
 57556 | Crypt:3  | XOM: fog
 57576 | Crypt:3  | XOM: scenery: 2 doors close
 57607 | Crypt:3  | XOM: silly message
 57746 | Crypt:3  | XOM is BORED!
 57873 | Crypt:3  | XOM: potion effect (brilliance)
 57904 | Crypt:3  | Found an ancient bone altar of Kikubaaqudgha.
 57915 | Crypt:3  | XOM: confusion (+ monsters)
 57990 | Crypt:3  | XOM: blink monster(s)
 57994 | Crypt:3  | XOM: harmless Hex miscast
 58026 | Crypt:3  | XOM: 1-stop teleportation journey
 58348 | Crypt:3  | Reached skill level 18 in Fighting
 58396 | Crypt:3  | XOM: swap monsters
 58486 | Crypt:3  | XOM: noise
 58502 | Crypt:3  | XOM: summons 1 hostile shadow creature
 58591 | Crypt:3  | XOM: god gift: scroll of enchant armour
 58632 | Crypt:3  | XOM: butterfly on damage
 58649 | Crypt:3  | Reached skill level 5 in Conjurations
 58796 | Crypt:3  | XOM: smoke on damage
 58909 | Crypt:3  | XOM: cast spell 'Summon Dragon'
 58941 | Crypt:3  | Identified the amulet "Adypneg" {+Rage Str+2} (You found it
                  | on level 3 of the Crypt)
 58943 | Crypt:3  | Identified the +3 long sword of the Warrior {flame, *Drain
                  | rF+ Str+4 SInv} (You found it on level 3 of the Crypt)
 58981 | Crypt:3  | Noticed an ancient lich
 59000 | Crypt:3  | Killed an ancient lich
 59004 | Crypt:3  | XOM: divination: detect creatures
 59081 | Crypt:3  | Found a staircase to the Tomb.
 59197 | Crypt:3  | Reached skill level 10 in Dodging
 59203 | Crypt:3  | Learned a level 4 spell: Cause Fear
 59209 | Crypt:3  | Learned a level 5 spell: Yara's Violent Unravelling
 59223 | Crypt:3  | XOM: divination: detect items
 59476 | Vaults:3 | XOM: harmless Conj miscast
 59626 | Depths:1 | XOM: summons 5 friendly demons
 59644 | Depths:1 | XOM: polymorph great orb of eyes -> shapeshifter
 59682 | Depths:1 | Found a gateway to Hell.
 59682 | Depths:1 | XOM: 7-stop teleportation journey
 59721 | Depths:1 | XOM: god gift: shiny plate armour {god gift}
 59926 | Depths:1 | XOM: fog
 60042 | Depths:1 | XOM: noise
 60117 | Depths:1 | XOM: medium Hex miscast
 60182 | Depths:1 | Noticed Nikola
 60188 | Depths:1 | XOM: polymorph mana viper -> death drake
 60203 | Depths:1 | Killed Nikola
 60377 | Depths:1 | XOM: potion effect (haste)
 60609 | Depths:1 | XOM: summons 2 hostile demons
 60738 | Depths:1 | XOM: summons 11 hostile demons
 61036 | Depths:2 | Identified the Collected Works on Damaging Ignition
 61068 | Depths:2 | XOM: swap monsters
 61296 | Depths:2 | Reached skill level 10 in Conjurations
 61401 | Depths:2 | XOM: harmless Fire miscast
 61405 | Depths:2 | XOM: god gift: wand of clouds (8)
 61410 | Depths:2 | Reached XP level 23. HP: 170/190 MP: 34/39
 61459 | Depths:2 | Reached skill level 1 in Transmutations
 61459 | Depths:2 | XOM: confusion
 61548 | Depths:2 | XOM: summons 1 hostile demon
 61684 | Depths:2 | XOM: swap monsters
 61685 | Depths:2 | XOM: swap monsters
 61689 | Depths:2 | XOM: polymorph stone giant -> golden dragon
 61726 | Depths:2 | XOM: confusion
 61876 | Depths:2 | XOM: noise
 62101 | Depths:3 | XOM: mild Hex miscast
 62112 | Depths:3 | XOM: enchant monster (bad)
 62253 | Depths:3 | Found a gateway to a ziggurat.
 62267 | Depths:3 | XOM: enchant monster (bad)
 62308 | Depths:3 | XOM: confusion
 62310 | Depths:3 | XOM: harmless Fire miscast
 62311 | Depths:3 | XOM: medium Conj miscast
 62327 | Depths:3 | XOM: polymorph tengu conjurer -> komodo dragon
 62329 | Depths:3 | XOM: medium Necr miscast
 62444 | Depths:3 | XOM: harmless Erth miscast
 62620 | Depths:3 | Found a one-way gate leading to the halls of Pandemonium.
 62705 | Depths:3 | XOM: harmless Erth miscast
 62708 | Depths:3 | XOM: confusion
 62765 | Depths:3 | XOM: severe Fire miscast
 62772 | Depths:3 | XOM: enchant monster (bad)
 62779 | Depths:3 | Reached skill level 5 in Transmutations
 62932 | Depths:3 | XOM: summons 4 hostile demons
 62950 | Depths:3 | XOM: noise
 63221 | Depths:3 | XOM: harmless Necr miscast
 63229 | Depths:3 | XOM: summons 4 hostile demons
 63345 | Depths:3 | XOM: summons 2 hostile demons
 63429 | Depths:4 | XOM: cleaving
 63531 | Depths:4 | XOM: 5-stop teleportation journey
 63532 | Depths:4 | XOM: cast spell 'Call Canine Familiar'
 63605 | Depths:4 | Identified the +8 short sword "Peiggu" {freeze, Int+4
                  | Dex+5} (You found it on level 4 of the Depths)
 63629 | Depths:4 | XOM: summons 2 friendly demons
 63676 | Depths:4 | XOM: divine lightning
 63686 | Depths:4 | XOM: 1-stop teleportation journey
 63717 | Depths:4 | XOM: blink monster(s)
 63945 | Depths:4 | XOM: mild Necr miscast
 63953 | Depths:4 | XOM: harmless Tmut miscast
 64362 | Depths:4 | XOM: blink monster(s)
 64379 | Depths:4 | XOM: fog
 64435 | Depths:4 | XOM: 1-stop teleportation journey
 64449 | Depths:4 | XOM: mild Ice miscast
 64624 | Depths:4 | XOM: harmless Air miscast
 64780 | Depths:4 | XOM: smoke on damage
 64858 | Depths:4 | XOM: potion effect (invisibility)
 64864 | Depths:4 | XOM: polymorph brown ugly thing -> white ugly thing
 64886 | Depths:4 | Found Gamy's Book Emporium.
 64935 | Depths:4 | Bought a book of Minor Magic for 360 gold pieces
 64938 | Depths:4 | Learned a level 2 spell: Blink
 64981 | Depths:4 | XOM: harmless Chrm miscast
 65062 | Depths:5 | Entered Level 5 of the Depths
 65062 | Depths:5 | Found a flickering gateway to a bazaar.
 65064 | Depths:5 | XOM: harmless Chrm miscast
 65074 | Depths:5 | XOM: enchant monster (good)
 65078 | Depths:5 | XOM: enchant monster (bad)
 65083 | Bazaar   | Entered a bazaar
 65083 | Bazaar   | Found Qyat's Antique Armour Boutique.
 65083 | Bazaar   | Found Paoxuar's Weapon Shop.
 65083 | Bazaar   | Found Zaogaf's Weapon Shop.
 65128 | Depths:4 | XOM: potion effect (brilliance)
 65221 | Depths:4 | XOM: divination: magic mapping
 65251 | Depths:5 | XOM: potion effect (brilliance)
 65264 | Depths:5 | Reached skill level 1 in Translocations
 65291 | Depths:5 | XOM: noise
 65330 | Depths:5 | XOM: harmless Fire miscast
 65333 | Depths:5 | XOM: harmless Tloc miscast
 65338 | Depths:4 | XOM: cast spell 'Cause Fear'
 65542 | Depths:5 | Noticed a caustic shrike
 65543 | Depths:5 | Noticed a caustic shrike
 65545 | Depths:4 | XOM: confusion (+ monsters)
 65560 | Depths:4 | Killed a caustic shrike
 65617 | Depths:5 | Noticed a caustic shrike
 65760 | Depths:4 | XOM: harmless Erth miscast
 65767 | Depths:4 | Killed a caustic shrike
 66181 | Depths:5 | XOM: confusion (+ monsters)
 66186 | Depths:5 | XOM: scenery: create altars
 66195 | Depths:4 | XOM: noise
 66321 | Depths:5 | XOM: cast spell 'Dispersal'
 66374 | Depths:5 | Killed a caustic shrike
 66374 | Depths:5 | Reached XP level 24. HP: 165/197 MP: 25/39
 66502 | Depths:5 | XOM: enchant monster (good)
 66516 | Depths:5 | XOM: potion effect (haste)
 66778 | Depths:5 | Reached skill level 10 in Transmutations
 66848 | Depths:5 | XOM: polymorph red draconian -> storm dragon
 66895 | Depths:4 | XOM: medium Hex miscast
 66998 | Depths:5 | XOM: potion effect (invisibility)
 67385 | Depths:5 | XOM: divination: detect creatures
 67573 | Depths:5 | XOM: enchant monster (good)
 67797 | Depths:5 | Found Ykit's Food Shoppe.
 67798 | Depths:5 | Found Vixzuh's Antique Weapon Shoppe.
 67798 | Depths:5 | Found Jann's General Store.
 67804 | Depths:5 | Found Bungak's Book Emporium.
 67816 | Depths:5 | Bought a book of Geomancy for 595 gold pieces
 67819 | Depths:5 | Learned a level 2 spell: Passwall
 67940 | Depths:5 | XOM: cast spell 'Olgreb's Toxic Radiance'
 67951 | Depths:5 | Reached skill level 5 in Translocations
 67959 | Depths:5 | XOM: harmless Hex miscast
 68078 | Depths:5 | XOM: 2-stop teleportation journey
 68263 | Depths:5 | Found a gate to the Realm of Zot.
 68481 | D:9      | XOM: summons 1 hostile shadow creature
 68610 | Slime:1  | Entered Level 1 of the Pits of Slime
 68699 | Lair:5   | XOM: harmless Tloc miscast
 68908 | Slime:1  | XOM: harmless Tmut miscast
 68923 | Slime:1  | XOM: cast spell 'Death Channel'
 68946 | Slime:2  | XOM: noise
 68975 | Slime:2  | XOM: confuse monster(s)
 69281 | Slime:2  | XOM: confusion
 69368 | Slime:4  | XOM: enchant monster (good)
 69472 | Slime:4  | XOM: enchant monster (bad)
 69498 | Slime:4  | XOM: polymorph slime creature -> wolf spider
 69559 | Slime:5  | Entered Level 5 of the Pits of Slime
 69559 | Slime:5  | XOM: summons 2 friendly demons
 69560 | Slime:5  | XOM: scenery: create altars
 69582 | Slime:4  | XOM: fog
 69917 | Slime:5  | Noticed the Royal Jelly
 69923 | Slime:5  | Killed the Royal Jelly
 69924 | Slime:5  | XOM: harmless Summ miscast
 69926 | Slime:5  | XOM: repel stairs
 69934 | Slime:5  | XOM: polymorph great orb of eyes -> ghost moth
 70156 | Slime:5  | XOM: fog
 70356 | Slime:5  | XOM: fog
 70772 | Slime:5  | XOM: summons friendly iron imp
 70800 | Slime:5  | Got a slimy rune of Zot
 70823 | Slime:5  | Got a crude amber ring
 70824 | Slime:5  | Identified the ring of Deedaept {rPois Str+2 SInv} (You
                  | found it on level 5 of the Pits of Slime)
 70854 | Slime:5  | Identified the +1 flail "Orphiethe" {vorpal, Str+2} (You
                  | found it on level 5 of the Pits of Slime)
 70879 | Slime:5  | Got a shimmering amber ring
 70880 | Slime:5  | Identified the ring "Jeyleula" {rPois rF- rC+++ rN+ Str+2}
                  | (You found it on level 5 of the Pits of Slime)
 70881 | Slime:5  | Identified the Handbook of the Earthen Oath
 70921 | Slime:4  | XOM: noise
 71275 | Depths:2 | XOM: scenery: 1 doors close
 71362 | Zot:1    | XOM: stealth player
 71362 | Zot:1    | Entered Level 1 of the Realm of Zot
 71367 | Zot:1    | XOM: stat loss: -1 Str (17/18)
 71475 | Depths:5 | XOM: scenery: 1 doors close
 71832 | Zot:1    | XOM: cloud trail
 72040 | Zot:1    | XOM: harmless Necr miscast
 72108 | Zot:1    | XOM: summons friendly ufetubus
 72478 | Zot:1    | XOM: 1-stop teleportation journey
 72533 | Zot:1    | XOM: cleaving
 72534 | Zot:1    | Reached XP level 25. HP: 176/204 MP: 35/40
 72545 | Zot:1    | XOM: polymorph storm dragon -> catoblepas
 72953 | Zot:1    | XOM: summons 3 hostile shadow creatures
 73092 | Zot:1    | XOM: cast spell 'Summon Small Mammal'
 73630 | Zot:2    | XOM: fog
 73654 | Zot:2    | XOM: enchant monster (good)
 73998 | Zot:2    | XOM: summons 9 friendly demons
 74086 | Zot:2    | XOM: god gift: wand of clouds (4)
 74116 | Zot:2    | XOM: god gift: phantom mirror
 74209 | Zot:2    | XOM: confuse monster(s)
 74350 | Zot:2    | XOM: polymorph mana viper -> tyrant leech
 74352 | Zot:2    | XOM: cleaving
 74355 | Zot:2    | XOM: potion effect (curing)
 74587 | Zot:2    | XOM: god gift: warped ring mail {god gift}
 74590 | Zot:2    | Identified the cursed +1 ring mail of the King of the Hill
                  | {*Drain Str+3 Dex+2 Stlth+} (Xom gifted it to you on level
                  | 2 of the Realm of Zot)
 74636 | Zot:2    | XOM: summons 3 friendly demons
 74644 | Zot:2    | XOM: harmless Erth miscast
 74651 | Zot:2    | XOM: summons friendly white imp
 74656 | Zot:2    | XOM: enchant monster (bad)
 74664 | Zot:2    | XOM: enchant monster (good)
 74883 | Zot:2    | XOM: confusion (+ monsters)
 74905 | Zot:2    | XOM: divination: detect items
 74948 | Zot:2    | Reached skill level 15 in Spellcasting
 75054 | Zot:2    | Noticed a Killer Klown
 75103 | Zot:2    | Killed a Killer Klown
 75187 | Zot:2    | Found a huge runed gate.
 75187 | Zot:2    | Found a huge runed gate.
 75187 | Zot:2    | Found a huge runed gate.
 75187 | Zot:2    | Found a huge runed gate.
 75187 | Zot:2    | Found a huge runed gate.
 75187 | Zot:2    | Found a huge runed gate.
 75187 | Zot:2    | Found a huge runed gate.
 75187 | Zot:2    | Found a huge runed gate.
 75187 | Zot:2    | Found a huge runed gate.
 75188 | Zot:2    | Found a huge runed gate.
 75189 | Zot:2    | Found a huge runed gate.
 75201 | Zot:2    | XOM: confusion (+ monsters)
 75207 | Zot:2    | XOM: summons friendly white imp
 75411 | Zot:2    | XOM: summons 4 hostile demons
 75696 | Zot:3    | XOM: stealth player
 76012 | Zot:3    | XOM: 10-stop teleportation journey
 76022 | Zot:3    | Reached skill level 10 in Evocations
 76125 | Zot:3    | XOM: potion effect (curing)
 76128 | Zot:3    | XOM: divination: detect items
 76189 | Zot:3    | XOM: potion effect (haste)
 76347 | Zot:2    | XOM: silly message
 76938 | Zot:3    | XOM: divination: detect items
 76940 | Zot:3    | XOM: confuse monster(s)
 76941 | Zot:3    | XOM: polymorph black draconian -> shapeshifter
 76949 | Zot:3    | XOM: polymorph yellow draconian -> dire elephant
 77044 | Zot:2    | XOM: harmless Air miscast
 77158 | Zot:3    | XOM: chaos upgrade
 77162 | Zot:3    | XOM: blink monster(s)
 77166 | Zot:2    | XOM: summons friendly white imp
 77251 | Zot:2    | XOM: divination: detect items
 77396 | Zot:3    | XOM: scenery: 2 doors close
 77420 | Zot:2    | XOM: polymorph yellow draconian -> entropy weaver
 77695 | Zot:2    | XOM: noise
 78210 | Zot:3    | XOM: enchant monster (good)
 78270 | Zot:2    | XOM: divination: magic mapping
 78809 | Zot:3    | Reached skill level 15 in Hexes
 78920 | Zot:3    | XOM: summons 16 friendly demons
 79049 | Zot:3    | XOM: scenery: create altars
 79106 | Zot:3    | XOM: god gift: club {god gift}
 79283 | Zot:3    | XOM: scenery: 1 doors close
 79598 | Zot:4    | Found a runed translucent door.
 79603 | Zot:4    | Noticed kroki's ghost (legendary DsFi)
 80055 | Zot:4    | XOM: 3-stop teleportation journey
 80202 | Zot:4    | XOM: divination: detect items
 80210 | Zot:4    | Gained mutation: You are strongly in touch with the powers
                  | of death. [Mummy growth]
 80210 | Zot:4    | Reached XP level 26. HP: 208/211 MP: 42/42
 80236 | Zot:4    | XOM: scenery: create altars
 80240 | Zot:4    | XOM: polymorph green draconian shifter -> sphinx
 80357 | Zot:4    | XOM: confuse monster(s)
 80601 | Zot:5    | Entered Level 5 of the Realm of Zot
 80841 | Zot:5    | XOM: god gift: leather armour {god gift}
 81071 | Zot:5    | XOM: 3-stop teleportation journey
 81072 | Zot:5    | Noticed an orb of fire
 81072 | Zot:5    | Noticed an orb of fire
 81073 | Zot:5    | Noticed an orb of fire
 81078 | Zot:5    | Noticed an orb of fire
 81085 | Zot:5    | Noticed an ancient lich
 81089 | Zot:5    | XOM: fog
 81090 | Zot:5    | XOM: confuse monster(s)
 81093 | Zot:5    | Mangled by an Orb Guardian

Levels and vault maps discovered:
D:1:      minmay_arrival_floating_metal, layout_loops_ring, moated_statue
D:2:      layout_basic, marbit_many_paths, nicolae_overflow_crystal_walls,
          nrook_campfire
D:3:      layout_basic
D:4:      layout_loops_ring, minmay_temple_entry_sparse_star, first_ration,
          minmay_misc_feat_ornament, nemelex_dance_club_becter
D:5:      layout_cave_pools, lemuel_round_altar, grunt_ministairs_14
D:6:      layout_loops_corners, serial_shops, shop, nicolae_shop_trees, shop,
          nicolae_shop_crystal, st_stairs_4, uniq_eustachio
D:7:      layout_cave_pools, xom_confusion_cloud, fedhas_altar_2, uniq_maggie
D:8:      layout_rooms, lair_entry_dummy
D:9:      layout_long_grid, lemuel_coloured_pillars_altar
D:10:     layout_gridville, hangedman_stone_soup
D:11:     layout_roguey, orc_0_dummy, portal_ice_cave_entry_pillars_2
D:12:     layout_roguey, minmay_guarded_unrand_resistance
D:13:     layout_basic, basic_altar, gammafunk_ghost_wrathful_warriors,
          corexii_corridor_pit, minmay_fractal_squares_gapless_7
D:14:     layout_roguey, grunt_vaults_entry_tiered,
          hangedman_abyss_or_decor_lesser_grid
D:15:     grunt_enter_depths_hoard, layout_irregular_city,
          grunt_dithmenos_smoke, serial_shops, nicolae_shop_trees, basic_altar,
          minmay_misc_feat_roman, uniq_nessos
Lair:1:   layout_loops_ring, grunt_megastairs_3
Lair:2:   layout_loops_ring, minmay_snake_entry_six_corridors,
          hellmonk_ghost_happy_afterlife
Lair:3:   layout_roguey, serial_bayou_shore_a, uniq_rupert
Lair:4:   layout_roguey, palyth_hydra_swamp_entry, beast_lair_carwin_7
Lair:5:   layout_regular_city, nicolae_slime_entry_slimehenge, basic_altar,
          st_stairs_13, roderic_batcave, serial_bayou_shore_b, uniq_snorg
Lair:6:   minmay_lair_end_frog_pond, layout_hall_layers, basic_altar,
          st_stairs_9, cheibrodos_lair_lostbears, uniq_josephine
Swamp:1:  layout_basic_swamp, nicolae_swamp_dense_foliage
Swamp:2:  layout_basic_swamp, gammafunk_ghost_hydra_chop,
          evilmike_swamp_ruin_house_1, infiniplex_staircase_pool
Swamp:3:  layout_basic_swamp, evilmike_swamp_ruin_house_2, swamp_pool5
Swamp:4:  swamp_old_school, layout_basic_swamp
Snake:1:  layout_onion_interference, serial_shops, shop, grunt_ministairs_2,
          guppyfry_library_mini
Snake:2:  layout_cave_pods, uniq_vashnia
Snake:3:  minmay_snake_river, layout_misc_corridors,
          nicolae_coiled_stairwell_down
Snake:4:  snake_pit, layout_cave_town, st_stairs_6, grunt_ministairs_5,
          minmay_shop_grove, uniq_louise, uniq_asterion
Slime:1:  layout_caves, cheibrodos_slime_lost_civilization_4
Slime:2:  layout_caves
Slime:3:  layout_caves
Slime:4:  layout_caves, nicolae_slime_welcoming_committee
Slime:5
Orc:1:    layout_diamond_mine, basic_altar, uniq_nergalle
Orc:2:    grunt_orc_community_town_hall, layout_caves,
          grunt_orc_community_big_house_1, grunt_orc_community_big_house_1,
          grunt_orc_community_house_2, grunt_orc_community_house_3,
          grunt_orc_community_house_3, grunt_orc_community_house_2, basic_altar,
          serial_shops, shop_fountains, uniq_sonja, uniq_saint_roka
Elf:1:    minmay_elf_arrival_plus, layout_geoelf_diagonals,
          gammafunk_ghost_abyssal_escape, minmay_elf_demonology,
          serial_sigils_hangedman_writhe
Elf:2:    layout_geoelf_octagon, serial_shops, shop, grunt_ministairs_2
Elf:3:    minmay_elf_hall, layout_loops_corners, fountainhead
Vaults:1: vaults_standard_mumra_x, nicolae_vaults_minivaults,
          nicolae_vaults_sealed_display, v_misc_33,
          nicolae_vaults_little_squares_1, vaults_standard_mumra_lines,
          v_pattern_4, vaults_standard_mumra_enter_the_diamond,
          hangedman_vaults_impose, nicolae_vaults_theta, layout_vaults_ring,
          serial_shops, shop, basic_altar
Vaults:2: nicolae_vaults_halls_meeting, v_misc_9, v_misc_27,
          vaults_room_fancy_cross, ontoclasm_vaults_ring_square,
          vaults_dpeg_encased_lava, nicolae_vaults_little_ls,
          layout_vaults_big_room
Vaults:3: minmay_crypt_entry_vampire_xt, nicolae_vaults_network_quinsquares
          [nicolae_vaults_network_quincunx_subvault,
          nicolae_vaults_network_quincunx_subvault,
          nicolae_vaults_network_quincunx_subvault,
          nicolae_vaults_network_quincunx_subvault], vaults_mumra_chevron_long,
          vaults_room_pool, v_misc_24, nicolae_vaults_mini_display_case,
          ontoclasm_vaults_ligature, vaults_room_grunt_arrival_checkpoint,
          nicolae_vaults_theta, layout_vaults_omnibox, serial_shops, shop
Vaults:4: v_misc_17, kb_rosetta, v_alt_pattern_3,
          nicolae_vaults_network_quincunx
          [nicolae_vaults_network_quincunx_subvault,
          nicolae_vaults_network_quincunx_subvault,
          nicolae_vaults_network_quincunx_subvault,
          nicolae_vaults_network_quincunx_subvault,
          nicolae_vaults_network_quincunx_subvault], vaults_dpeg_ring,
          v_misc_26, grunt_vaults_hallway_long, v_misc_16,
          vaults_mumra_minichess_inversion, hangedman_vaults_hat,
          nicolae_vaults_little_squares_6, nicolae_vaults_three_branches,
          v_misc_22, layout_vaults_big_cross, serial_shops, nicolae_shop_trees
Crypt:1:  layout_regular_city, serial_sigils, serial_sigils_hangedman_gnaw,
          serial_sigils_hangedman_scratch, serial_sigils_hangedman_carve,
          serial_sigils_hangedman_gut, serial_sigils_hangedman_snap,
          uniq_frederick, uniq_xtahua
Crypt:2:  layout_basic, serial_corexii_hall, chequers_hall_statues_wall_a,
          corexii_hall_statues_l, corexii_hall_statues_u,
          chequers_hall_statues_wall_a, fountainhead, st_small_mortuary
Crypt:3:  grunt_crypt_end_deaths_head
Depths:1: layout_gridville, hell_entry, minmay_misc_feat_nine_boxes,
          kennysheep_two_boxes, grunt_megastairs_2, uniq_nikola
Depths:2: kennysheep_green_arena, layout_gridlike, special_room
          [special_room_mythical_zoo], small_statue_intersection,
          pf_hell_entry_tar_river, infiniplex_staircase_pool_1, uniq_aizul
Depths:3: thingy_vault, layout_cave_shapes, enter_ziggurat_c, pan_entry,
          grunt_decor_resistance, hell_entry, uniq_margery
Depths:4: vault_1, layout_cave_pools, serial_shops, shop, abyss_entry,
          hell_entry
Depths:5: evilmike_zot_entry_basic, layout_cave_pools,
          pf_vacation_house_of_asmodeus, serial_shops, bzr_entry_islet,
          serial_bayou_shore_b, minmay_shoptagon, infiniplex_staircase_pool_lava
Zot:1:    layout_misc_corridors
Zot:2:    layout_onion, hangedman_zot_decor_unnerving_road, door_vault
Zot:3:    lemuel_draconian_sentries, layout_twisted_circle, drop_trap,
          st_stairs_10, skrybe_zot_glass_1
Zot:4:    layout_basic, ebering_ghost_reflecting_pool
Zot:5:    layout_basic, lemuel_flame_loot_1

Skill      XL: |  1  2  3  4  5  6  7  8  9 10 11 12 13 14 15 16 17 18 19 20 21 22 23 24 25 |
---------------+----------------------------------------------------------------------------+-----
Fighting       | 4 5 6 8 9 10 11 12 14 16 17 18 | 18.3
Armour         | 3 4 6 9 10 12 | 12.0
Evocations     | 4 6 8 10 | 10.5
Stealth        | 1 |  1.8
Dodging        | 3 5 6 7 10 12 | 12.9
Maces & Flails | 4 8 10 12 13 14 15 16 | 16.0
Shields        | 2 5 7 8 10 13 14 15 | 15.0
Spellcasting   | 6 8 11 12 13 15 | 15.0
Summonings     | 4 10 12 13 | 13.0
Air Magic      | 3 8 10 | 10.0
Hexes          | 8 10 11 15 | 15.0
Conjurations   | 3 10 | 10.0
Transmutations | 9 10 | 10.0
Translocations | 3 5 |  5.0
Polearms       | |  2.4

Action                   |  1- 3 |  4- 6 |  7- 9 | 10-12 | 13-15 | 16-18 | 19-21 | 22-24 | 25-27 || total
-------------------------+-------+-------+-------+-------+-------+-------+-------+-------+-------++-------
Melee: Spear             |   154 |    98 |   124 |       |       |       |       |       |       ||   376
       Dagger            |       |       |   632 |   305 |       |       |       |       |       ||   937
       Whip              |       |       |       |   434 |       |       |       |       |       ||   434
       Flail             |       |       |       |   479 |       |       |       |       |       ||   479
       Morningstar       |       |       |       |   236 |  1466 |  1982 |  2359 |  2066 |   824 ||  8933
       Demon whip        |       |       |       |       |       |       |       |   598 |       ||   598
Throw: Dart              |       |    11 |    14 |    22 |    12 |     7 |     4 |    22 |     1 ||    93
       Boomerang         |       |       |    13 |    25 |       |       |     1 |       |       ||    39
 Cast: Animate Skeleton  |       |       |       |       |     1 |       |       |       |       ||     1
       Summon Lightning  |       |       |       |       |       |       |    32 |    11 |     1 ||    44
       Aura of Abjuratio |       |       |       |       |       |       |    18 |    15 |     7 ||    40
       Summon Mana Viper |       |       |       |       |       |       |    74 |   125 |    17 ||   216
       Invisibility      |       |       |       |       |       |       |     1 |     4 |     9 ||    14
       Mephitic Cloud    |       |       |       |       |       |       |       |    42 |     5 ||    47
       Irradiate         |       |       |       |       |       |       |       |    12 |    31 ||    43
       Swiftness         |       |       |       |       |       |       |       |     1 |       ||     1
       Cause Fear        |       |       |       |       |       |       |       |     3 |     1 ||     4
       Passwall          |       |       |       |       |       |       |       |       |     2 ||     2
       Yara's Violent Un |       |       |       |       |       |       |       |       |     1 ||     1
       Blink             |       |       |       |       |       |       |       |       |     1 ||     1
Evoke: Wand              |       |       |       |    30 |    19 |    35 |    11 |    44 |    26 ||   165
       Box of beasts     |       |       |       |       |       |     1 |       |       |       ||     1
  Use: Scroll            |       |     3 |     3 |    17 |    17 |    10 |    19 |    26 |    12 ||   107
 Stab: Paralysed         |     3 |       |     1 |    26 |     4 |     1 |     1 |    34 |    10 ||    80
       Petrified         |       |     6 |     1 |     3 |       |       |     1 |     3 |     6 ||    20
       Petrifying        |       |     1 |     1 |       |       |       |     1 |       |       ||     3
       Sleeping          |       |       |     4 |     6 |    11 |     2 |       |       |       ||    23
       Confused          |       |       |       |     2 |     3 |     2 |    11 |    29 |     6 ||    53
       Invisible         |       |       |       |     6 |     9 |       |     4 |    36 |    49 ||   104
       Distracted        |       |       |       |       |     3 |       |    11 |    18 |     3 ||    35
Armor: Leather armour    |    73 |    40 |   338 |       |       |       |       |       |       ||   451
       Steam dragon scal |       |       |    11 |   201 |       |       |       |       |       ||   212
       Troll leather arm |       |       |       |   212 |       |       |       |       |       ||   212
       Ring mail         |       |       |       |   166 |   506 |    78 |       |       |       ||   750
       Fire dragon scale |       |       |       |       |       |   446 |   631 |   795 |   274 ||  2146
Dodge: Dodged            |    80 |    36 |   480 |   616 |   491 |   485 |   576 |   887 |   334 ||  3985
       Deflected         |       |       |       |       |       |   100 |    64 |    47 |    24 ||   235
Block: Kite shield       |       |       |       |   490 |   880 |  1118 |  1228 |  1461 |   426 ||  5603

Table legend:
 A = Non-vault XP
 B = Vault XP
 C = Vault XP percentage of total XP
 D = Non-vault monster count
 E = Vault monster count
 F = Vault count percentage of total count
                 A         B        C        D         E       F
            +---------+---------+-------+---------+---------+-------
      Total |  902661 |  441934 |  32.9 |    1802 |     738 |  29.1
            +---------+---------+-------+---------+---------+-------
        D:1 |      39 |       0 |   0.0 |      24 |       0 |   0.0
        D:2 |      71 |       4 |   5.3 |      19 |       1 |   5.0
        D:3 |     888 |       0 |   0.0 |      26 |       0 |   0.0
        D:4 |     690 |      10 |   1.4 |      31 |       2 |   6.1
        D:5 |    1032 |     114 |   9.9 |      27 |       2 |   6.9
        D:6 |    1239 |     250 |  16.8 |      30 |       3 |   9.1
        D:7 |     874 |     712 |  44.9 |      13 |       7 |  35.0
        D:8 |    2182 |       0 |   0.0 |      36 |       0 |   0.0
        D:9 |    2660 |       0 |   0.0 |      27 |       0 |   0.0
       D:10 |    2555 |     755 |  22.8 |      26 |       4 |  13.3
       D:11 |    4559 |       0 |   0.0 |      47 |       0 |   0.0
       D:12 |    7117 |    3001 |  29.7 |      38 |       3 |   7.3
       D:13 |    8091 |    8014 |  49.8 |      23 |      15 |  39.5
       D:14 |   13812 |    7503 |  35.2 |      43 |      25 |  36.8
       D:15 |    8428 |    2345 |  21.8 |      37 |       3 |   7.5
     Lair:1 |    3813 |     145 |   3.7 |      18 |       1 |   5.3
     Lair:2 |    6771 |    1695 |  20.0 |      27 |      16 |  37.2
     Lair:3 |    5033 |    2451 |  32.7 |      23 |       1 |   4.2
     Lair:4 |    8602 |    4350 |  33.6 |      29 |      12 |  29.3
     Lair:5 |    8753 |    1381 |  13.6 |      21 |      14 |  40.0
     Lair:6 |   13063 |   16539 |  55.9 |      41 |      63 |  60.6
    Swamp:1 |    8632 |       0 |   0.0 |      20 |       0 |   0.0
    Swamp:2 |   10487 |       0 |   0.0 |      26 |       0 |   0.0
    Swamp:3 |   16766 |    3034 |  15.3 |      45 |       5 |  10.0
    Swamp:4 |    8587 |   16008 |  65.1 |      24 |      19 |  44.2
    Snake:1 |   16047 |       0 |   0.0 |      26 |       0 |   0.0
    Snake:2 |   24101 |    9178 |  27.6 |      47 |       6 |  11.3
    Snake:3 |   20607 |    3222 |  13.5 |      44 |      12 |  21.4
    Snake:4 |   20703 |   38885 |  65.3 |      40 |      56 |  58.3
    Slime:1 |   12193 |       0 |   0.0 |      35 |       0 |   0.0
    Slime:2 |    3305 |       0 |   0.0 |       8 |       0 |   0.0
    Slime:3 |    1074 |       0 |   0.0 |       4 |       0 |   0.0
    Slime:4 |   13959 |    3308 |  19.2 |      34 |       9 |  20.9
    Slime:5 |   13032 |   22606 |  63.4 |      18 |       6 |  25.0
      Orc:1 |    2738 |    1130 |  29.2 |      32 |       5 |  13.5
      Orc:2 |    7324 |    9358 |  56.1 |      43 |      84 |  66.1
      Elf:1 |   17275 |    7860 |  31.3 |      27 |      10 |  27.0
      Elf:2 |    6496 |   17009 |  72.4 |      14 |      25 |  64.1
      Elf:3 |   18463 |   36858 |  66.6 |      36 |      23 |  39.0
   Vaults:1 |   34210 |   17474 |  33.8 |      70 |      38 |  35.2
   Vaults:2 |   29556 |   12476 |  29.7 |      55 |      15 |  21.4
   Vaults:3 |   28712 |    5758 |  16.7 |      62 |      11 |  15.1
   Vaults:4 |   32503 |   25337 |  43.8 |      51 |      35 |  40.7
    Crypt:1 |   20738 |    7610 |  26.8 |      43 |       2 |   4.4
    Crypt:2 |   15491 |     522 |   3.3 |      27 |       3 |  10.0
    Crypt:3 |       0 |   72416 | 100.0 |       0 |     119 | 100.0
   Depths:1 |   46650 |    7619 |  14.0 |      76 |       6 |   7.3
   Depths:2 |   27024 |    2022 |   7.0 |      28 |       5 |  15.2
   Depths:3 |   21369 |   19417 |  47.6 |      31 |      17 |  35.4
   Depths:4 |   72741 |   22018 |  23.2 |      49 |      28 |  36.4
   Depths:5 |   28688 |   11594 |  28.8 |      26 |       8 |  23.5
      Zot:1 |   68956 |       0 |   0.0 |      56 |       0 |   0.0
      Zot:2 |   61705 |       0 |   0.0 |      43 |       0 |   0.0
      Zot:3 |   56455 |   18572 |  24.8 |      35 |      12 |  25.5
      Zot:4 |   18075 |       0 |   0.0 |      12 |       0 |   0.0
      Zot:5 |   17727 |       0 |   0.0 |       9 |       0 |   0.0
      IceCv |       0 |    1374 | 100.0 |       0 |       7 | 100.0
            +---------+---------+-------+---------+---------+-------
